 Dungeon Crawl Stone Soup version 0.31-a0-1074-g0b22e4e0f1 (webtiles) character file.

Game seed: 6545922270926523773

15186379 BubbleThief the Infernalist (level 27, 298/298 HPs)
             Began as a Naga Venom Mage on Aug 22, 2023.
             Was the Champion of Vehumet.
             Escaped with the Orb
             ... and 15 runes on Dec 2, 2023!
             The game lasted 07:47:03 (104540 turns).

BubbleThief the Infernalist (Naga Venom Mage)     Turns: 104540, Time: 07:47:03

Health: 298/298    AC: 57    Str: 13    XL:     27
Magic:  73/73      EV: 12    Int: 39    God:    Vehumet [******]
Gold:   13224      SH: 32    Dex: 14    Spells: 12/80 levels left

rFire   + + .        w - staff of Dismay {rF++ rC+ Conj}
rCold   + + .        c - +7 tower shield {rN+}
rNeg    + + +        O - +10 pearl dragon scales
rPois   +            R - +3 hat of Pondering {ponderous, Will+ MP+10 Int+5}
rElec   +            E - +2 cloak {rCorr}
rCorr   +            r - +2 pair of gloves {Str+3}
SInv    +            F - +4 barding {rC+}
Will    +++++        f - amulet of Light {RegenMP rElec}
Stlth   +            x - ring "Jufut" {Drain rElec rN+ Will+ MP+9}
HPRegen 0.69/turn    n - +6 ring of intelligence
MPRegen 0.83/turn

%: no passive effects
@: studying 3 skills, very slow
A: AC +9, large, see invisible, deformed body, poison resistance, slowness 2,
spit poison 1, naga tail 2, stinger 1, iridescent scales 1, evolution 1
0: Orb of Zot
}: 15/15 runes: barnacled, slimy, silver, golden, iron, obsidian, icy, bone,
abyssal, demonic, glowing, magical, fiery, dark, gossamer
a: Spit Poison, Renounce Religion


You escaped.
You worshipped Vehumet.
Vehumet was exalted by your worship.
You visited 17 branches of the dungeon, and saw 87 of its levels.
You visited Pandemonium 1 time, and saw 27 of its levels.
You visited the Abyss 1 time.
You completed 1 ziggurat, and saw 27 of its levels.
You also visited: Bailey and Ice Cave.

You collected 17521 gold pieces.
You spent 4297 gold pieces at shops.

Inventory:

Hand Weapons
 N - the +8 trishula "Condemnation" {holy, anguish, *Noise Fly rN+}
   (You found it on level 9 of a ziggurat)

   rN+:       It protects you from negative energy.
   Fly:       It grants you flight.
   *Noise:    It may make a loud noise when swung.
Missiles
 y - 10 throwing nets
Armour
 c - a +7 tower shield of positive energy (worn)
 m - the +4 Cigotuvi's embrace {Corpsefed rMiasma Drain rN+}
   (You found it on level 2 of the Depths)

   Corpsefed: It gathers nearby corpses to temporarily increase the armour it
   provides.
   rMiasma:   It protects you from foul pestilence.
   rN+:       It protects you from negative energy.
   Drain:     It drains your maximum health when unequipped.
 r - a +2 pair of gloves of strength (worn)
 t - a +2 helmet of intelligence
 E - a +2 cloak of preservation (worn)
 F - a +4 barding of cold resistance (worn)
 O - +10 pearl dragon scales (worn)
 R - the +3 hat of Pondering (worn) {ponderous, Will+ MP+10 Int+5}
   (You found it on level 5 of the Pits of Slime)

   Int+5:     It affects your intelligence (+5).
   Will+:     It increases your willpower.
   MP+10:     It affects your magic capacity (+10).
Magical Staves
 w - the staff of Dismay (weapon) {rF++ rC+ Conj}
   (You found it on level 3 of the Elven Halls)

   [staff of conjuration]

   Base accuracy: +5 Base damage: 5 Base attack delay: 1.2 This weapon's minimum
   attack delay (0.6) is reached at skill level 12.
   rF++:      It greatly protects you from fire.
   rC+:       It protects you from cold.
   Conj:      It increases the power of your Conjurations spells.
   It falls into the 'Staves' category.
   It is a one-handed weapon.
Jewellery
 f - the amulet of Light (around neck) {RegenMP rElec}
   (You found it on level 5 of the Pits of Slime)

   [amulet of magic regeneration]

   RegenMP:   It increases your rate of magic regeneration.
   rElec:     It insulates you from electricity.
 l - the ring of the Skiapode {rC+ MP+9 SInv}
   (You found it on level 27 of a ziggurat)

   [ring of protection from cold]

   rC+:       It protects you from cold.
   MP+9:      It affects your magic capacity (+9).
   SInv:      It lets you see invisible.
 n - a +6 ring of intelligence (right hand)
 x - the ring "Jufut" (left hand) {Drain rElec rN+ Will+ MP+9}
   (You found it on level 3 of the Tomb of the Ancients)

   [ring of willpower]

   rElec:     It insulates you from electricity.
   rN+:       It protects you from negative energy.
   Will+:     It increases your willpower.
   MP+9:      It affects your magic capacity (+9).
   Drain:     It drains your maximum health when unequipped.
 G - a +5 ring of evasion
 Q - the ring "Cimuist" {Fly rF- Str+5 Int+2 Stlth+}
   (You found it in Pandemonium)

   [ring of flight]

   Str+5:     It affects your strength (+5).
   Int+2:     It affects your intelligence (+2).
   rF-:       It makes you vulnerable to fire.
   Fly:       It grants you flight.
   Stlth+:    It makes you more stealthy.
 S - the ring of Xour {rC+ Dex+6}
   (You found it on level 3 of the Tomb of the Ancients)

   [ring of dexterity]

   Dex+6:     It affects your dexterity (+6).
   rC+:       It protects you from cold.
 U - a ring of ice
Wands
 h - a wand of digging (31)
 p - a wand of flame (9)
 P - a wand of polymorph (8)
Scrolls
 a - 7 scrolls of silence
 d - 3 scrolls of noise
 e - 10 scrolls of amnesia
 i - 2 scrolls of immolation
 j - 58 scrolls of identify
 u - 44 scrolls of teleportation
 z - 5 scrolls of blinking
 B - 5 scrolls of brand weapon
 H - 3 scrolls of vulnerability
 K - 9 scrolls of fear
 T - 22 scrolls of enchant weapon
 X - a scroll of torment
 Y - 12 scrolls of fog
 Z - 14 scrolls of revelation
Potions
 b - 2 potions of magic
 g - 19 potions of enlightenment
 k - 14 potions of might
 o - 13 potions of heal wounds
 q - 10 potions of lignification
 s - 23 potions of mutation
 v - 40 potions of curing
 A - 5 potions of ambrosia
 C - 6 potions of brilliance
 D - 9 potions of resistance
 I - 3 potions of berserk rage
 J - 3 potions of invisibility
 L - 7 potions of attraction
 V - 17 potions of haste
 W - 9 potions of cancellation
Miscellaneous
 M - 2 +1 figurines of a ziggurat


   Skills:
 O Level 27 Fighting
 - Level 14.0 Polearms
 + Level 19.9 Armour
 - Level 20.0 Dodging
 - Level 3.0 Stealth
 O Level 27 Shields
 O Level 27 Spellcasting
 O Level 27 Conjurations
 - Level 24.0 Necromancy
 - Level 6.3 Transmutations
 O Level 27 Fire Magic
 O Level 27 Air Magic
 - Level 9.1 Poison Magic


You had 12 spell levels left.
You knew the following spells:

 Your Spells              Type           Power      Damage    Failure   Level
a - Freezing Cloud        Conj/Ice/Air   69%        6-21      0%          5
b - Death's Door          Necr           63%        N/A       4%          9
c - Borgnjor's Revivific  Necr           63%        N/A       1%          8
d - Fire Storm            Conj/Fire      78%        8d20      1%          9
e - Starburst             Conj/Fire      78%        6d20      0%          6
f - Maxwell's Capacitive  Air            66%        ∞         1%          8
g - Plasma Beam           Fire/Air       66%        2x1d82    0%          6
h - Ignition              Fire           66%        3d18      1%          8
i - Chain Lightning       Conj/Air       78%        3d104     1%          9

Your spell library contained the following spells:

 Spells                   Type           Power      Damage    Failure   Level
 Shatter                  Erth           25%        3d22*     100%        9
 Kiss of Death            Conj/Necr      100%       2d13      0%          1
 Magic Dart               Conj           100%       1d8       0%          1
 Necrotise                Necr           100%       1d9       0%          1
 Shock                    Conj/Air       100%       1d9       0%          1
 Cigotuvi's Dreadful Rot  Necr/Pois/Air  100%       N/A       0%          2
 Momentum Strike          Conj/Tloc      100%       3d10      0%          2
 Poisonous Vapours        Pois/Air       100%       N/A       0%          2
 Scorch                   Fire           100%       2d9       0%          2
 Searing Ray              Conj           100%       2d8       0%          2
 Static Discharge         Conj/Air       100%       3-8/arc   0%          2
 Sublimation of Blood     Necr           100%       N/A       0%          2
 Dazzling Flash           Conj/Hex       100%       N/A       0%          3
 Hailstorm                Conj/Ice       100%       3d20      0%          3
 Ignite Poison            Fire/Tmut/Pois 100%       N/A       0%          3
 Inner Flame              Hex/Fire       100%       N/A       0%          3
 Mephitic Cloud           Conj/Pois/Air  100%       N/A       0%          3
 Stone Arrow              Conj/Erth      100%       3d13      0%          3
 Swiftness                Air            100%       N/A       0%          3
 Vampiric Draining        Necr           100%       2d13      0%          3
 Volatile Blastmotes      Fire/Tloc      100%       2d18      0%          3
 Airstrike                Air            66%        2d(10-26) 0%          4
 Animate Dead             Necr           100%       N/A       0%          4
 Dispel Undead            Necr           100%       3d31      0%          4
 Flame Wave               Conj/Fire      100%       2d21      0%          4
 Sticky Flame             Conj/Fire      100%       2d11      0%          4
 Agony                    Necr           100%       N/A       0%          5
 Arcjolt                  Conj/Air       78%        1d88      0%          5
 Fireball                 Conj/Fire      78%        3d29      0%          5
 Iskenderun's Battlesphe  Conj           100%       2d15      0%          5
 Conjure Ball Lightning   Conj/Air       78%        3x3d30    0%          6
 Death Channel            Necr           63%        N/A       0%          6
 Orb of Destruction       Conj           78%        9d18      0%          7
 Apportation              Tloc           100%       N/A       1%          1
 Freeze                   Ice            100%       1d10      1%          1
 Sandblast                Erth           100%       2d20      1%          1
 Slow                     Hex            100%       N/A       1%          1
 Sting                    Tmut/Pois      100%       1d8       1%          1
 Summon Small Mammal      Summ           100%       N/A       1%          1
 Blink                    Tloc           100%       N/A       1%          2
 Call Imp                 Summ           100%       N/A       1%          2
 Ensorcelled Hibernation  Hex/Ice        100%       N/A       1%          2
 Jinxbite                 Hex            100%       N/A       1%          2
 Lesser Beckoning         Tloc           100%       N/A       1%          2
 Passwall                 Tmut/Erth      55%        N/A       1%          2
 Wereblood                Tmut           80%        N/A       1%          2
 Frozen Ramparts          Ice            100%       1d16      1%          3
 Anguish                  Hex/Necr       49%        N/A       1%          4
 Brom's Barrelling Bould  Conj/Erth      100%       2d11      1%          4
 Fulminant Prism          Conj/Hex       63%        3d26      1%          4
 Iskenderun's Mystic Bla  Conj/Tloc      100%       2d19      1%          4
 Olgreb's Toxic Radiance  Pois           89%        N/A       1%          4
 Summon Lightning Spire   Summ/Air       100%       N/A       1%          4
 Vhi's Electric Charge    Tloc/Air       100%       N/A       1%          4
 Alistair's Intoxication  Tmut/Pois      56%        N/A       1%          5
 Borgnjor's Vile Clutch   Necr/Erth      49%        N/A       1%          5
 Irradiate                Conj/Tmut      67%        3d34      1%          5
 Silence                  Hex/Air        51%        N/A       1%          5
 Yara's Violent Unravell  Hex/Tmut       33%        3d14      1%          5
 Bombard                  Conj/Erth      63%        9d10      1%          6
 Eringya's Noxious Bog    Tmut/Pois      42%        4d6       1%          6
 Simulacrum               Ice/Necr       49%        N/A       1%          6
 Spellforged Servitor     Conj/Summ      63%        N/A       1%          7
 Infestation              Necr           63%        N/A       1%          8
 Call Canine Familiar     Summ           51%        N/A       2%          3
 Confusing Touch          Hex            51%        N/A       2%          3
 Gell's Gravitas          Tloc           51%        N/A       2%          3
 Ozocubu's Armour         Ice            51%        N/A       2%          3
 Portal Projectile        Hex/Tloc       100%       N/A       2%          3
 Summon Guardian Golem    Hex/Summ       51%        N/A       2%          3
 Teleport Other           Tloc           51%        N/A       2%          3
 Tukima's Dance           Hex            51%        N/A       2%          3
 Petrify                  Tmut/Erth      67%        N/A       2%          4
 Haunt                    Necr/Summ      49%        N/A       6%          7
 Lee's Rapid Deconstruct  Erth           25%        3d14*     7%          5
 Lehudib's Crystal Spear  Conj/Erth      63%        10d14     7%          8
 Animate Armour           Summ/Erth      100%       N/A       10%         4
 Cause Fear               Hex            25%        N/A       10%         4
 Leda's Liquefaction      Hex/Erth       25%        N/A       10%         4
 Manifold Assault         Tloc           51%        N/A       10%         4
 Passage of Golubria      Tloc           51%        N/A       10%         4
 Summon Ice Beast         Ice/Summ       51%        N/A       10%         4
 Metabolic Englaciation   Hex/Ice        25%        N/A       26%         5
 Summon Forest            Summ/Tloc      25%        N/A       26%         5
 Summon Mana Viper        Hex/Summ       51%        N/A       26%         5
 Dispersal                Tloc           25%        N/A       82%         6
 Summon Cactus Giant      Summ           25%        N/A       82%         6
 Ozocubu's Refrigeration  Ice            25%        4d13      86%         7
 Enfeeble                 Hex            25%        N/A       100%        7
 Malign Gateway           Summ/Tloc      25%        N/A       100%        7
 Monstrous Menagerie      Summ           25%        N/A       100%        7
 Summon Hydra             Summ           25%        N/A       100%        7
 Discord                  Hex            25%        N/A       100%        8
 Disjunction              Tloc           25%        N/A       100%        8
 Summon Horrible Things   Summ           25%        N/A       100%        8
 Polar Vortex             Ice            25%        12d3*     100%        9


Dungeon Overview and Level Annotations

Branches:
Dungeon (15/15)            Temple (0/1) D:4            Lair (5/5) D:9
 Shoals (4/4) Lair:2       Spider (4/4) Lair:2        Slime (5/5) Lair:5
    Orc (2/2) D:11            Elf (3/3) Orc:2        Vaults (5/5) D:13
  Crypt (3/3) Vaults:2       Tomb (3/3) Crypt:3      Depths (4/4) D:15
   Hell (visited)             Dis (7/7) Hell            Geh (7/7) Hell
    Coc (7/7) Hell            Tar (7/7) Hell            Zot (5/5) Depths:4
 Bailey (visited)           IceCv (visited)

Altars:
Ashenzari
Elyvilon
Fedhas
Gozag
Hepliaklqana
Kikubaaqudgha
Makhleb
Nemelex Xobeh
Okawaru
Qazlal
Ru
Trog
Uskayaw
Vehumet
Xom
Yredelemnul
Zin
The Shining One

Shops:
D:9 [   D:13 :   D:14 ?   Orc:2 ?=[![:=   Elf:2 :   Elf:3 !?=*   Shoals:2 *
Vaults:5 [([!

Portals:
Hell: Depths:1 Depths:2 Depths:3 Depths:4
Abyss: Depths:3
Pandemonium: Depths:2 Depths:4

Annotations:
D:4 3 runed translucent doors, abessonov's ghost, novice DrSh
D:14 Roxanne
Shoals:1 fecund's ghost, journeyman VSBr


Innate Abilities, Weirdness & Mutations

Your serpentine skin is tough. (AC +9)
You have supernaturally acute eyesight. (SInv)
Armour fits poorly on your strangely shaped body.
Your system is resistant to poisons. (rPois)
You cover ground very slowly.
You can spit poison.
You can use your snake-like lower body to constrict enemies.
Your tail ends in a venomous barb.
You are partially covered in iridescent scales. (AC +2)
You have hidden genetic potential.


Message History

You feel a surge of power! Lightning arcs from your hands!
The bolt of lightning hits the sun demon!!!!
The sun demon resists.
You kill the sun demon!
Vehumet accepts your kill.
You feel your power returning.
The bolt of lightning hits you but does no damage.
Unknown command.
Unknown command.
Unknown command.
Unknown command.
There is an open door here.
There is a stone staircase leading up here.
You climb upwards.
There is a stone staircase leading down here.
Magic restored.
The sentinel's mark upon you fades away.
There is a stone staircase leading down here.
There is a stone staircase leading up here.
You climb upwards.
There is a stone staircase leading down here.
There is a stone staircase leading up, spattered with blood here.
You climb upwards.
There is a stone staircase leading down, spattered with blood here.
A large abomination comes into view.
Casting: Chain Lightning (mildly dangerous; 1% risk of failure)
Confirm with . or Enter, or press ? or * to list all spells.
Aiming: Fire Storm (mildly dangerous; 1% risk of failure)
Press: ? - help, Dir - move target, f - large abomination
Aim: a large abomination (wandering, hasn't noticed you)
You feel a surge of power!
A raging storm of fire appears!
The great blast of fire engulfs the large abomination!!!
You destroy the large abomination!
Vehumet accepts your kill. x2
You feel your power returning.
You feel a bit more experienced. Vehumet accepts your kill.
You feel a bit more experienced.
Unknown command.
There is a staircase leading out of the dungeon here.
You have escaped!

#......# #.##.... #......#
#.####.. #.##..## #[......
#......# ######.. #......#
#.. ####.#.# ###.. ########
#......# #...v #......#
#......# #.### #.####.#
#@...### ####.#
#.####.####......# #....#
#.##.....##......# #.##.#
#.##.#.####.##.######.##.###
#......# #......##......(..
####.#### #......####.##.##.
#....# ##.#.#.# ##.......
####.# #......# #.......#
#.# #......# #.###.#.#


There were no monsters in sight!

Vanquished Creatures
  Cerebov (Pan)
  Antaeus (Coc:7)
  the Royal Jelly (Slime:5)
  Asmodeus (Geh:7)
  Ereshkigal (Tar:7)
  Gloorx Vloq (Pan)
  Ignacio (Pan)
  The ghost of Motirgh the Ruinous, a legendary DgHW (Zig:21)
  the Serpent of Hell (Geh:7)
  A seraph (Pan)
  Lom Lobon (Pan)
  The ghost of Xiwu the Conqueror, a legendary MiFi of the Shining One (Zig:21)
  Mnoleg (Pan)
  Dispater (Dis:7)
  The ghost of Shard1697 the Ruinous, a legendary GrCj of Vehumet (Zig:21)
  Khufu (Tomb:3)
  5 orbs of fire (Zot:5)
  9 dread liches
  11 ancient liches
  Mennas (Pan)
  The ghost of Hewasun the Conqueror, a legendary MiBe of the Shining One (Zig:21)
  4 juggernauts
  The ghost of Lasuan the Slayer, a master MiWr of Cheibriados (Zig:21)
  The ghost of cforsyth the Unforgettable, a legendary GnAr of Hepliaklqana (Zig:21)
  39 pandemonium lords
  32 royal mummies
  The ghost of Xavori the Hoplite, a legendary OpCK of Xom (Zig:21)
  The ghost of Jeanorph the Minotaur Barricade, a legendary MiBe of Trog (Zot:5)
  Boris (twice) (Crypt:2 Tomb:1)
  13 Killer Klowns
  Vv (Depths:3)
  Sojobo (Vaults:2)
  31 shard shrikes
  Parghit (Zot:1)
  The ghost of bmack86 the Conqueror, a veteran MiFi of Gozag (Zig:21)
  Geryon (Hell)
  The ghost of HallandMoats the End of an Era, a veteran DsMo of Qazlal (Zig:21)
  Xtahua (Crypt:3)
  10 curse toes
  24 caustic shrikes
  16 golden dragons
  8 pearl dragons
  12 profane servitors
  28 bone dragons
  3 electric golems (Zot:5)
  Arachne (Spider:3)
  A spectral shard shrike (Tar:7)
  A shard shrike zombie (Tar:7)
  14 doom hounds
  16 iron giants
  24 Brimstone Fiends
  32 Tzitzimimeh
  Mlioglotl (Shoals:1)
  5 hellephants
  Rupert (D:13)
  21 Hell Sentinels
  26 Ice Fiends
  17 tainted leviathans
  21 tentacled monstrosities
  30 Orb Guardians
  17 liches
  5 deep elf blademasters
  6 quicksilver dragons
  Asterion (Spider:3)
  26 titans
  A walking frostbound tome (Depths:2)
  19 sphinxes
  A kraken (Shoals:1)
  9 death cobs
  17 searing wretches
  5 tentacled starspawn
  4 deep elf master archers
  45 ancient champions
  3 sphinxes (shapeshifter)
  33 acid blobs
  13 storm dragons
  Kirke (Shoals:4)
  39 Executioners
  4 nagarajas
  10 shadow dragons
  A shadow dragon (shapeshifter) (Zig:17)
  Donald (Vaults:2)
  9 tengu reavers
  12 demonspawn warmongers
  35 daevas
  22 narguns
  A fenstrider witch (shapeshifter) (Zig:26)
  15 draconian monks
  11 azure jellies
  14 revenants
  19 draconian knights
  2 frost giants (shapeshifter)
  34 fire giants
  13 frost giants
  5 quicksilver elementals
  16 rockslimes
  A caustic shrike zombie (Tar:7)
  9 deep elf sorcerers
  A fire giant (shapeshifter) (Zig:17)
  16 ghost moths
  2 iron dragons
  15 emperor scorpions
  19 vault wardens
  6 shard shrike simulacra
  13 draconian scorchers
  Louise (D:14)
  52 balrugs
  4 spectral caustic shrikes
  A spectral juggernaut (Tar:7)
  25 draconian annihilators
  18 draconian stormcallers
  38 angels
  21 ironbound preservers
  29 cacodemons
  6 curse skulls
  6 formless jellyfish
  A formless jellyfish (shapeshifter) (Zig:17)
  15 demonspawn corrupters (Pan)
  7 deep elf elementalists (Elf:3)
  A juggernaut zombie (Tar:7)
  22 war gargoyles
  7 broodmothers
  3 caustic shrike skeletons
  28 reapers
  13 draconian shifters
  22 stone giants
  4 ghouls
  11 demonspawn blood saints
  39 very ugly things
  14 quicksilver oozes
  13 vampire knights
  2 juggernaut skeletons
  5 deep elf demonologists
  24 elemental wellsprings
  51 apis
  12 green draconians
  Nessos (Lair:5)
  22 putrid mouths
  29 ophanim
  An ironbound thunderhulk (Vaults:2)
  2 bennus (Tomb:1)
  21 demonspawn black suns
  12 deep elf annihilators
  A bunyip (shapeshifter) (Zig:17)
  15 dire elephants
  24 yellow draconians
  20 black draconians
  6 spark wasps
  An eleionoma (shapeshifter) (Zig:26)
  12 lorocyprocas
  19 white draconians
  A dire elephant (shapeshifter) (Zig:17)
  17 purple draconians
  A minotaur (shapeshifter) (Vaults:5)
  14 red draconians
  18 wendigos
  20 eidola
  21 mummy priests
  The ghost of KarmaKiller the Basher, a journeyman GrBe of Trog (D:14)
  16 iron golems
  13 green deaths
  17 ettins
  18 blizzard demons
  3 crystal guardians
  12 merfolk javelineers
  10 deep elf death magi
  15 entropy weavers
  3 spectral quicksilver dragons (Tar:1)
  13 great orbs of eyes
  14 jiangshi
  10 yaktaur captains
  A shambling mangrove (Zig:14)
  A spectral iron giant (Tar:4)
  8 fire dragons
  12 deep elf high priests
  13 rakshasas
  10 merfolk impalers
  5 spriggan zombies
  9 juggernaut simulacra
  6 spectral spriggans
  11 hydras
  Harold (D:9)
  5 salamander tyrants
  3 jorogumos
  35 vault guards
  Erolcha (Orc:2)
  4 ice dragons
  4 merfolk avatars
  A fenstrider witch zombie (Crypt:2)
  4 spriggan skeletons
  9 caustic shrike simulacra
  2 alligator snapping turtles
  2 peacekeepers (Vaults:3)
  7 merfolk aquamancers
  2 ghost crabs (Zig:21)
  3 ogre magi
  5 spriggan air magi
  An alligator (shapeshifter) (Vaults:5)
  An anaconda (shapeshifter) (Zig:25)
  An ice dragon (shapeshifter) (Zig:26)
  8 hell beasts
  7 radroaches
  A spectral frost giant (Zig:8)
  12 stokers
  12 ironbound frosthearts
  8 two-headed ogres
  2 satyrs
  11 boulder beetles
  A death knight (D:15)
  25 dancing weapons
  20 centaur warriors
  2 death yaks (shapeshifter) (Zig:26)
  A sphinx skeleton (Crypt:2)
  A two-headed ogre (shapeshifter) (Zig:13)
  34 death scarabs
  5 deep troll shamans
  A thrashing horror (Abyss:3)
  4 tengu warriors
  9 death yaks
  Urug (D:10)
  9 deep troll earth magi
  An orc high priest (Zig:4)
  A shock serpent (shapeshifter) (Vaults:5)
  37 hell hogs
  5 spriggan berserkers
  18 hell knights
  2 spectral nagas (Tar:1)
  32 demonic crawlers
  13 vampire magi
  96 sun demons
  68 soul eaters
  2 wretched stars (Abyss:2)
  10 crystal echidnas
  19 deep elf knights
  38 skeletal warriors
  2 salamander mystics
  35 sixfirhies
  A spectral catoblepas (Tar:1)
  Sonja (Lair:5)
  8 iron trolls
  39 shadow wraiths
  A goliath frog (shapeshifter) (Vaults:5)
  11 pharaoh ants
  2 spatial maelstroms (Abyss:3)
  A spectral bunyip (Tar:1)
  An iron giant zombie (Tomb:2)
  8 sea snakes
  8 skysharks
  2 titan skeletons
  Amaemon (Lair:3)
  49 deep trolls
  A storm dragon skeleton (Vaults:3)
  5 quicksilver dragon simulacra
  A goliath frog (Crypt:3)
  2 spectral anacondas
  A spectral death yak (Lair:5)
  34 cherubim
  12 flayed ghosts
  A spriggan druid (Zig:14)
  3 anaconda zombies
  15 orb spiders
  8 glowing orange brains
  8 spriggan simulacra
  A fenstrider witch simulacrum (Coc:2)
  28 shadow demons
  A swamp dragon (shapeshifter) (Zig:17)
  A ghost moth zombie (Crypt:1)
  A bog body (Crypt:1)
  21 deep elf archers
  A spectral hydra (Tar:4)
  2 bunyip zombies (Crypt:1)
  18 necromancers
  3 bunyip skeletons
  9 lindwurms
  33 harpies
  15 ironbound convokers
  4 obsidian statues
  15 phantasmal warriors
  32 wolf spiders
  A steelbarb worm (shapeshifter) (Zig:25)
  43 ugly things
  An iron giant skeleton (Crypt:2)
  10 occultists
  11 steelbarb worms
  34 deep elf pyromancers
  20 oklob plants
  6 anaconda skeletons
  33 deep elf zephyrmancers
  An iron dragon zombie (Tar:7)
  A cyclops (shapeshifter) (Depths:2)
  2 fauns (shapeshifter)
  3 human zombies (Vaults:3)
  A shining eye (shapeshifter) (Zig:25)
  A spectral fire dragon (Tar:1)
  6 orc knights
  A manticore (shapeshifter) (Zig:25)
  10 orc sorcerers
  17 manticores
  7 shining eyes
  A shadow dragon skeleton (Crypt:2)
  3 salamanders
  44 moths of wrath
  3 cyclopes
  An alligator skeleton (Hell)
  A stone giant zombie (Vaults:3)
  4 dire elephant zombies
  A toenail golem (Zot:1)
  4 worldbinders
  16 elephants
  A guardian serpent (shapeshifter) (D:14)
  3 merfolk sirens
  106 slime creatures
  3 stone giant skeletons
  3 guardian serpents (Zig:14)
  An eleionoma skeleton (Crypt:3)
  2 naga zombies
  9 rust devils
  10 water nymphs
  A black mamba (shapeshifter) (Zig:26)
  58 smoke demons
  8 apocalypse crabs
  3 titan simulacra
  8 torpor snails
  9 black mambas
  A cane toad (shapeshifter) (Zig:13)
  2 naga magi
  5 ice statues
  25 vault sentinels
  4 gargoyles
  29 hellions
  2 eyes of devastation
  Maggie (D:8)
  39 orange demons
  4 unseen horrors
  Psyche (D:10)
  2 dire elephant skeletons
  2 efreet
  7 rime drakes
  17 cane toads
  2 centaur skeletons (Crypt:2)
  14 ice devils
  8 komodo dragons
  3 bunyip simulacra
  2 tengu conjurers
  38 guardian mummies
  11 freezing wraiths
  A komodo dragon (shapeshifter) (Zig:25)
  3 ancient zymes (Abyss:2)
  27 yaktaurs
  5 anaconda simulacra
  A spectral two-headed ogre (Tar:1)
  A silent spectre (Abyss:3)
  28 tormentors
  3 hydra zombies (Hell)
  3 meliai (Spider:4)
  A minotaur skeleton (Crypt:3)
  A sea snake skeleton (Crypt:3)
  24 hellwings
  2 merfolk (shapeshifter)
  4 red devils
  3 spectral harpies
  4 iron giant simulacra
  A wolf spider simulacrum (D:15)
  26 merfolk
  18 polar bears
  5 trolls
  13 wind drakes
  A queen bee (shapeshifter) (Zig:26)
  6 harpy skeletons
  3 hydra skeletons (Hell)
  A spectral swamp dragon (Tar:1)
  A wind drake (shapeshifter) (Zig:17)
  A harpy zombie (Hell)
  66 large abominations
  9 hornets
  22 tarantellas
  A tarantella (shapeshifter) (Zig:26)
  A spectral elephant (Lair:5)
  18 blink frogs
  2 iron dragon simulacra
  A fire dragon zombie (Crypt:1)
  13 snapping turtles
  5 stone giant simulacra
  A dream sheep (shapeshifter) (Vaults:5)
  5 raiju (Abyss:1)
  An ettin zombie (Hell)
  A jumping spider (shapeshifter) (Zig:17)
  22 jumping spiders
  31 flying skulls
  10 air elementals
  2 spriggans
  23 culicivoras
  A centaur simulacrum (D:15)
  A culicivora (shapeshifter) (Vaults:5)
  An ettin skeleton (Pan)
  A naga simulacrum (Coc:3)
  26 ushabtiu
  2 shadows
  30 ynoxinuls
  17 humans
  22 water elementals
  A yak (shapeshifter) (Zig:25)
  9 dire elephant simulacra
  5 fire elementals
  A fire bat (shapeshifter) (Zig:17)
  5 vampires
  59 yaks
  2 wyverns (D:9)
  3 hogs (Shoals:4)
  3 golden eyes
  5 starcursed masses
  An alligator snapping turtle simulacrum (Abyss:3)
  8 basilisks
  7 wraiths
  63 redbacks
  39 chaos spawn
  30 neqoxecs
  3 acid dragons
  6 vampire mosquitoes
  A warg (Orc:2)
  A death yak simulacrum (Lair:5)
  A spatial vortex (Abyss:3)
  2 swamp worms (shapeshifter)
  12 harpy simulacra
  2 hydra simulacra
  23 water moccasins
  3 hell hounds
  A spectral cane toad (Lair:5)
  A deep troll skeleton (Pan)
  A demonspawn zombie (Crypt:1)
  A faun skeleton (Crypt:3)
  A cane toad skeleton (Crypt:1)
  6 glass eyes
  A water moccasin (shapeshifter) (Zig:17)
  2 human skeletons
  7 naga skeletons
  15 orc warriors
  A black bear (shapeshifter) (D:14)
  3 black bears
  An ettin simulacrum (Coc:4)
  2 ice beasts
  A sky beast (D:6)
  6 boggarts
  8 ogres
  3 elephant zombies (Lair:5)
  A swamp dragon skeleton (Crypt:2)
  27 wolves
  13 centaurs
  A centaur (shapeshifter) (Zig:25)
  2 elephant skeletons (Lair:5)
  2 phantoms
  A fire crab zombie (Crypt:3)
  A bullfrog (shapeshifter) (Zig:26)
  8 kobold brigands
  17 bullfrogs
  5 earth elementals
  3 gnoll sergeants (D:9)
  2 necrophages
  7 scorpions
  A cane toad simulacrum (Lair:5)
  A human simulacrum (Vaults:3)
  A wight (D:9)
  10 killer bees (D:11)
  2 electric eels (Lair:3)
  5 howler monkeys
  A crimson imp (Abyss:3)
  33 jellies
  2 quasits
  2 gnoll boudas
  7 hounds
  18 orc priests
  2 iguanas
  An iron imp (Abyss:2)
  A sleepcap (D:5)
  8 small abominations
  Ijyb (D:5)
  27 orc wizards
  13 hell rats
  49 mummies
  15 gnolls
  5 adders
  16 white imps
  6 ufetubi
  An iguana zombie (Crypt:2)
  A worm (D:4)
  3 dart slugs
  51 orcs
  A bat zombie (Crypt:2)
  3 endoplasms
  2 giant cockroaches
  16 goblins
  6 hobgoblins
  8 jackals
  5 quokkas
  8 ball pythons
  4 bats
  A dart slug zombie (Crypt:2)
  5 frilled lizards
  27 kobolds
  9 rats
  5 ball lightnings
  A butterfly (Lair:4)
  8 creeping infernos
  5 fire vortices
  2 starspawn tentacles (Abyss:2)
5183 creatures vanquished.

Vanquished Creatures (collateral kills)
  A juggernaut (Depths:2)
  5 royal mummies
  2 shard shrikes (Coc:7)
  A golden dragon (Zot:5)
  A tentacled monstrosity (Pan)
  Zenata (Crypt:2)
  A tainted leviathan (Tar:4)
  An Ice Fiend (Coc:7)
  A quicksilver dragon (Zot:5)
  4 acid blobs
  An ancient champion (Crypt:3)
  A storm dragon (Zot:1)
  2 draconian scorchers
  2 emperor scorpions (Zig:16)
  A vault warden (Zig:13)
  An ironbound preserver (Zig:13)
  2 draconian stormcallers
  A ghoul (Crypt:1)
  2 reapers (Crypt:3)
  2 draconian annihilators
  A formless jellyfish (Slime:4)
  A caustic shrike skeleton (Crypt:2)
  3 stone giants
  A broodmother (Zig:16)
  A vampire knight (Zig:27)
  A black draconian (Zot:3)
  4 demonspawn black suns
  An apis (Pan)
  6 very ugly things
  A red draconian (Zig:20)
  A dire elephant (Vaults:3)
  A yellow draconian (Zot:3)
  3 eidola
  2 deep elf death magi
  A mummy priest (Tomb:3)
  A great orb of eyes (Vaults:3)
  An entropy weaver (Zig:13)
  A hydra (Depths:4)
  2 vault guards (Vaults:4)
  A centaur warrior (Vaults:3)
  A death scarab (Tomb:2)
  A boulder beetle (Spider:3)
  A vampire mage (Crypt:3)
  A shadow wraith (Crypt:3)
  3 skeletal warriors
  An iron troll (Depths:4)
  A large abomination (Pan)
  2 deep trolls
  2 deep elf pyromancers
  A steelbarb worm (Zig:14)
  A necromancer (Zig:12)
  2 ugly things (Depths:4)
  A stone giant zombie (Crypt:1)
  A manticore (Depths:4)
  An orange demon (Pan)
  A torpor snail (Zig:18)
  An alligator snapping turtle zombie (Crypt:1)
  A yellow draconian zombie (Crypt:3)
  A hellion (Pan)
  A death yak zombie (Crypt:2)
  2 guardian mummies (Tomb:3)
  A hydra zombie (Crypt:1)
  An unseen horror skeleton (Crypt:1)
  A harpy skeleton (Crypt:2)
  A hellwing (Pan)
  A radroach zombie (Crypt:2)
  A centaur simulacrum (Crypt:1)
  2 flying skulls
  2 slime creatures (Slime:5)
  A vampire (Crypt:3)
  2 water elementals
  An ushabti (Tomb:3)
  2 golden eyes (Slime:1)
  A steam dragon (shapeshifter) (Zig:26)
  2 chaos spawn
  A harpy simulacrum (Coc:5)
  A rime drake skeleton (Crypt:3)
  A scorpion zombie (Crypt:2)
  2 hell rats (Hell)
  11 mummies
  A worm (shapeshifter) (Depths:4)
  2 orcs (Vaults:5)
  A giant cockroach zombie (Crypt:1)
133 creatures vanquished.

Vanquished Creatures (others)
  The ghost of Xiwu the Conqueror, a legendary MiFi of the Shining One (Zig:21)
  The ghost of Lasuan the Slayer, a master MiWr of Cheibriados (Zig:21)
  The ghost of Ecsetopt the Hawkeye, a legendary BaWn of Cheibriados (Zig:21)
  A Killer Klown (Zig:26)
  2 Brimstone Fiends (Zig:24)
  An Ice Fiend (Zig:24)
  An eldritch tentacle (Pan)
  2 azure jellies (shapeshifter) (Zig:26)
  A demonspawn warmonger (Zig:24)
  A balrug (Zig:24)
  A reaper (Zig:24)
  2 demonspawn corrupters (Zig:24)
  2 very ugly things (Zig:26)
  A formless jellyfish (shapeshifter) (Zig:26)
  A demonspawn blood saint (Zig:24)
  A demonspawn black sun (Zig:24)
  An eidolon (Zig:21)
  An ettin (Abyss:3)
  A green death (Pan)
  A sun demon (Hell)
  A crystal echidna (Dis:7)
  2 shadow demons (Zig:24)
  An orb spider (Zig:16)
  2 flayed ghosts (Abyss:3)
  2 hellions (Zig:24)
  2 tormentors (Zig:24)
  A meliai (Zig:18)
  A ynoxinul (Zig:24)
  A human (Shoals:4)
  An ettin simulacrum (Coc:4)
  2 hell rats (Hell)
  An orc (D:10)
  8 ball lightnings (Zig:24)
  1739 fire vortices
  A lurking horror (Abyss:2)
  8 starspawn tentacles
  4 tentacles (Shoals:1)
1801 creatures vanquished.

Grand Total: 7117 creatures vanquished

Notes
Turn   | Place    | Note
-------+----------+-------------------------------------------
     0 | D:1      | BubbleThief the Naga Venom Mage began the quest for the
                  | Orb.
     0 | D:1      | Reached XP level 1. HP: 15/15 MP: 3/3
   234 | D:1      | Reached XP level 2. HP: 21/22 MP: 0/5
   360 | D:1      | Found a faded altar of an unknown god.
   738 | D:1      | Reached skill level 5 in Poison Magic
   741 | D:1      | Reached XP level 3. HP: 28/28 MP: 3/6
  1117 | D:2      | Reached XP level 4. HP: 36/36 MP: 1/8
  1288 | D:2      | Upgraded the game from 0.31-a0-609-g7bf6ffcfed to
                  | 0.31-a0-618-g7ca08c1ff9
  1372 | D:2      | Learned a level 3 spell: Mephitic Cloud
  1377 | D:2      | Learned a level 4 spell: Olgreb's Toxic Radiance
  1834 | D:3      | Found a radiant altar of Vehumet.
  1848 | D:3      | Became a worshipper of Vehumet
  2040 | D:3      | Identified the +4 quarterstaff "Oxa Miud" {flame, Int+7
                  | Stlth+}
  2063 | D:3      | Reached XP level 5. HP: 42/42 MP: 3/9
  2832 | D:4      | Found a staircase to the Ecumenical Temple.
  2872 | D:4      | Reached XP level 6. HP: 49/49 MP: 5/11
  2995 | D:4      | Reached skill level 1 in Fighting
  3028 | D:4      | Found a runed translucent gate.
  3028 | D:4      | Found a runed translucent gate.
  3028 | D:4      | Found a runed translucent gate.
  3031 | D:4      | Found an opulent altar of Gozag.
  3034 | D:4      | Noticed abessonov's ghost (novice DrSh)
  3130 | D:4      | Reached * piety under Vehumet
  3130 | D:4      | Offered knowledge of Kiss of Death by Vehumet.
  3176 | D:4      | Reached skill level 1 in Shields
  3238 | D:4      | Found a glowing golden altar of the Shining One.
  3602 | D:5      | Entered Level 5 of the Dungeon
  3804 | D:5      | Reached XP level 7. HP: 58/60 MP: 9/13
  4058 | D:5      | Found an iron altar of Okawaru.
  4177 | D:5      | Reached skill level 5 in Spellcasting
  4465 | D:5      | Found a white marble altar of Elyvilon.
  4465 | D:5      | Found a sparkling altar of Nemelex Xobeh.
  4466 | D:5      | Found a shimmering altar of Xom.
  4535 | D:5      | Noticed Ijyb
  4544 | D:5      | Killed Ijyb
  4624 | D:5      | Reached XP level 8. HP: 72/72 MP: 14/16
  4903 | D:6      | Offered knowledge of Magic Dart by Vehumet.
  4905 | D:6      | Reached ** piety under Vehumet
  4912 | D:6      | Reached skill level 5 in Fighting
  5165 | D:6      | Found a bloodstained altar of Trog.
  5203 | D:6      | Found a stormy altar of Qazlal.
  5454 | D:6      | Reached XP level 9. HP: 85/85 MP: 15/19
  6048 | D:7      | Offered knowledge of Inner Flame by Vehumet.
  6078 | D:7      | Found a burning altar of Makhleb.
  6701 | D:8      | Noticed a two-headed ogre
  6717 | D:8      | Killed a two-headed ogre
  6718 | D:8      | Reached XP level 10. HP: 47/98 MP: 13/22
  6922 | D:8      | Noticed Maggie
  6935 | D:8      | Killed Maggie
  7274 | D:8      | Found a flagged portal.
  7278 | D:8      | Reached *** piety under Vehumet
  7286 | Bailey   | Entered a bailey
  7402 | Bailey   | Noticed an orc knight
  7409 | Bailey   | Offered knowledge of Frozen Ramparts by Vehumet.
  7424 | Bailey   | Killed an orc knight
  7515 | Bailey   | Found an iron altar of Okawaru.
  7532 | Bailey   | Identified the +1 robe of Vehihozi {Harm rC+ Str-4}
  7728 | D:8      | Found a broken altar of Ashenzari.
  7750 | D:8      | Reached skill level 10 in Fighting
  7750 | D:8      | Reached skill level 10 in Spellcasting
  7994 | D:9      | Found Jeipt's Armour Shoppe.
  7997 | D:9      | Bought a +2 cloak of preservation for 344 gold pieces
  8017 | D:9      | Noticed Harold
  8029 | D:9      | Killed Harold
  8126 | D:10     | Entered Level 10 of the Dungeon
  8126 | D:10     | Noticed a gargoyle
  8145 | D:10     | Killed a gargoyle
  8263 | D:10     | Noticed Psyche
  8268 | D:10     | Killed Psyche
  8269 | D:10     | Reached XP level 11. HP: 103/110 MP: 16/25
  8400 | D:10     | Noticed Urug
  8422 | D:10     | Killed Urug
  8425 | D:10     | Learned a level 3 spell: Frozen Ramparts
  8701 | D:10     | Reached **** piety under Vehumet
  8977 | D:10     | Found a hide-covered altar of Uskayaw.
  9313 | D:11     | Noticed a cyclops
  9373 | D:11     | Noticed a red ugly thing
  9382 | D:11     | Killed a red ugly thing
  9387 | D:11     | Offered knowledge of Hailstorm by Vehumet.
  9968 | D:11     | Found a staircase to the Orcish Mines.
 10527 | D:9      | Found a staircase to the Lair.
 10548 | Lair:1   | Entered Level 1 of the Lair of Beasts
 10577 | Lair:1   | Reached ***** piety under Vehumet
 10578 | Lair:1   | Reached XP level 12. HP: 41/123 MP: 23/28
 10942 | Lair:1   | Offered knowledge of Starburst by Vehumet.
 12168 | Lair:2   | Reached skill level 15 in Fighting
 12168 | Lair:2   | Found a staircase to the Shoals.
 12809 | Lair:2   | Reached skill level 1 in Conjurations
 12842 | Lair:2   | Found a hole to the Spider Nest.
 12851 | Lair:2   | Gained mutation: You can use your snake-like lower body to
                  | constrict enemies. [Naga growth]
 12851 | Lair:2   | Reached XP level 13. HP: 42/140 MP: 25/29
 13405 | Lair:2   | Reached skill level 5 in Conjurations
 13686 | Lair:3   | Learned a level 6 spell: Starburst
 13867 | Lair:3   | Reached skill level 1 in Fire Magic
 14053 | Lair:3   | Offered knowledge of Fireball by Vehumet.
 14065 | Lair:3   | Learned a level 5 spell: Fireball
 14075 | Lair:3   | Found a frozen archway.
 14103 | IceCv    | Entered an ice cave
 14698 | IceCv    | Reached skill level 5 in Fire Magic
 15681 | IceCv    | Identified the ring "Funucha" {rPois rCorr MP-9 Slay+5
                  | SInv}
 16353 | Lair:3   | Noticed Amaemon
 16363 | Lair:3   | Killed Amaemon
 16364 | Lair:3   | Reached XP level 14. HP: 139/150 MP: 6/30
 16836 | Lair:4   | Offered knowledge of Iskenderun's Battlesphere by Vehumet.
 17569 | Lair:5   | Entered Level 5 of the Lair of Beasts
 17569 | Lair:5   | Found a runed translucent door.
 17570 | Lair:5   | Found a staircase to the Slime Pits.
 17570 | Lair:5   | Noticed an acid blob
 17674 | Lair:5   | Noticed Nessos
 17686 | Lair:5   | Killed Nessos
 17852 | Lair:5   | Noticed Sonja
 17858 | Lair:5   | Killed Sonja
 18052 | Lair:5   | Reached skill level 10 in Fire Magic
 18053 | Lair:5   | Reached skill level 10 in Conjurations
 18508 | Lair:5   | Learned a level 6 spell: Plasma Beam
 18848 | Lair:5   | Noticed a dire elephant
 18855 | Lair:5   | Noticed a dire elephant
 18857 | Lair:5   | Noticed a dire elephant
 19152 | Lair:5   | Reached XP level 15. HP: 151/157 MP: 31/31
 19161 | Lair:5   | Offered knowledge of Bombard by Vehumet.
 20023 | Lair:5   | Identified the staff of Disarray {rElec Dex+2 Air}
 20551 | D:9      | Found a glowing silver altar of Zin.
 20968 | D:9      | Got the Folio of the Missiles and Erosion
 21049 | D:9      | Reached skill level 1 in Air Magic
 21056 | D:9      | Identified the +8 chain mail of Fuzzy Salvation {Regen+}
 22357 | D:12     | Offered knowledge of Yara's Violent Unravelling by Vehumet.
 22655 | D:13     | Found Reugeuf's Self-Published Books.
 22844 | D:13     | Reached skill level 5 in Air Magic
 23152 | D:13     | Noticed Rupert
 23168 | D:13     | Killed Rupert
 23288 | D:13     | Found a gate to the Vaults.
 23525 | Orc:1    | Entered Level 1 of the Orcish Mines
 23635 | Orc:2    | Entered Level 2 of the Orcish Mines
 23646 | Orc:2    | Found a staircase to the Elven Halls.
 23712 | Orc:2    | Found Setzoz's Jewellery Boutique.
 23722 | Orc:2    | Offered knowledge of Freezing Cloud by Vehumet.
 23729 | Orc:2    | Learned a level 5 spell: Freezing Cloud
 23827 | Orc:2    | Found Ziyshryu's Magic Scroll Boutique.
 23842 | Orc:2    | Bought a scroll of enchant weapon for 105 gold pieces
 23842 | Orc:2    | Bought a scroll of blinking for 105 gold pieces
 23842 | Orc:2    | Bought a scroll of teleportation for 42 gold pieces
 23991 | Orc:2    | Found Sauroer Laej's Antique Armour Emporium.
 24029 | Orc:2    | Bought a distressingly furry leather armour for 231 gold
                  | pieces
 24029 | Orc:2    | Identified the +0 leather armour of Insurance {Slay+2} (You
                  | bought it in a shop on level 2 of the Orcish Mines)
 24030 | Orc:2    | Bought a runed cloak for 247 gold pieces
 24041 | Orc:2    | Noticed Erolcha
 24042 | Orc:2    | Found a radiant altar of Vehumet.
 24046 | Orc:2    | Killed Erolcha
 24063 | Orc:2    | Reached XP level 16. HP: 155/165 MP: 12/32
 24147 | Orc:2    | Found an ancient bone altar of Kikubaaqudgha.
 24168 | Orc:2    | Found Ven Kusa's Distillery.
 24176 | Orc:2    | Bought a potion of curing for 39 gold pieces
 24176 | Orc:2    | Bought a potion of might for 52 gold pieces
 24176 | Orc:2    | Bought 2 potions of haste for 260 gold pieces
 24176 | Orc:2    | Bought a potion of cancellation for 104 gold pieces
 24176 | Orc:2    | Bought a potion of heal wounds for 65 gold pieces
 24176 | Orc:2    | Bought a potion of heal wounds for 65 gold pieces
 24210 | Orc:2    | Found Wuniugom's Jewellery Shoppe.
 24215 | Orc:2    | Found Xuboner's Book Shoppe.
 24287 | Orc:2    | Found Plog's Armour Boutique.
 24606 | Orc:2    | Bought a glowing scarf for 264 gold pieces
 24894 | Orc:1    | Reached ****** piety under Vehumet
 24900 | Orc:1    | Offered knowledge of Ignition by Vehumet.
 25153 | D:14     | Noticed Louise
 25158 | D:14     | Killed Louise
 25160 | D:14     | Noticed Roxanne
 25452 | D:14     | Reached skill level 5 in Transmutations
 25497 | D:14     | Found a shimmering altar of Xom.
 25562 | D:14     | Found Pautol's Magic Scroll Boutique.
 25570 | D:14     | Bought a scroll of enchant armour for 120 gold pieces
 25570 | D:14     | Bought a scroll of teleportation for 48 gold pieces
 25836 | D:14     | Found a runed translucent gate.
 25836 | D:14     | Found a runed translucent gate.
 25836 | D:14     | Found a runed translucent gate.
 25836 | D:14     | Noticed KarmaKiller's ghost (journeyman GrBe)
 26347 | D:14     | Killed KarmaKiller's ghost
 26497 | D:15     | Entered Level 15 of the Dungeon
 26671 | D:15     | Identified the +2 leather armour "Tyutz" {rC- rN+ Dex+3}
 27422 | D:15     | Found a staircase to the Depths.
 27847 | Spider:1 | Entered Level 1 of the Spider Nest
 28009 | Spider:1 | Learned a level 8 spell: Ignition
 28187 | Spider:1 | Reached skill level 15 in Spellcasting
 28929 | Spider:2 | Reached XP level 17. HP: 148/172 MP: 20/36
 29060 | Spider:2 | Offered knowledge of Fire Storm by Vehumet.
 29060 | Spider:2 | Offered knowledge of Shatter by Vehumet.
 29060 | Spider:2 | Offered knowledge of Chain Lightning by Vehumet.
 29728 | Spider:3 | Noticed Asterion
 29731 | Spider:3 | Noticed an Executioner
 29733 | Spider:3 | Killed Asterion
 29784 | Spider:3 | Noticed Arachne
 29795 | Spider:3 | Killed Arachne
 30223 | Spider:3 | Reached skill level 15 in Fire Magic
 31087 | Spider:3 | Identified the ring "Wiqetziu" {rPois rC- rN+ Dex+3 SInv}
 31310 | Spider:4 | Entered Level 4 of the Spider Nest
 31514 | Spider:4 | Reached XP level 18. HP: 161/181 MP: 30/37
 32267 | Spider:4 | Got a gossamer rune of Zot
 32389 | Spider:4 | Identified the -1 hat of Ypimemp {Int+4}
 32683 | Shoals:1 | Entered Level 1 of the Shoals
 32772 | Shoals:1 | Noticed Mlioglotl
 32789 | Shoals:1 | Paralysed by accursed screaming for 1 turns
 32796 | Shoals:1 | Killed Mlioglotl
 33304 | Shoals:1 | Found a runed translucent gate.
 33305 | Shoals:1 | Found a runed translucent gate.
 33306 | Shoals:1 | Found a runed translucent gate.
 33308 | Shoals:1 | Noticed fecund's ghost (journeyman VSBr)
 33716 | Shoals:2 | Found Otuf's Gadget Gallery.
 33748 | Shoals:2 | Identified the +11 chain mail of Parts Unknown {rPois
                  | Dex+2}
 35014 | Shoals:4 | Entered Level 4 of the Shoals
 35434 | Shoals:4 | Paralysed by an air elemental for 1 turns
 35446 | Shoals:4 | Reached XP level 19. HP: 150/188 MP: 12/40
 35746 | Shoals:4 | Identified the +0 robe of the Cicada {Rampage +Inv}
 36066 | Shoals:4 | Paralysed by an air elemental for 1 turns
 36068 | Shoals:4 | Paralysed by an air elemental for 1 turns
 36070 | Shoals:4 | Paralysed by an air elemental for 1 turns
 36083 | Shoals:4 | Noticed Kirke
 36085 | Shoals:4 | Killed Kirke
 36280 | Shoals:4 | Paralysed by an air elemental for 1 turns
 36492 | Shoals:4 | Got a barnacled rune of Zot
 36757 | Shoals:1 | Identified the +0 pair of boots of Stoicism {Harm rC+
                  | Dex-5}
 36941 | Vaults:1 | Entered Level 1 of the Vaults
 37765 | Vaults:1 | Noticed a dread lich
 37770 | Vaults:1 | Noticed a Brimstone Fiend
 38024 | Vaults:1 | Learned a level 9 spell: Fire Storm
 38168 | Vaults:1 | Noticed a Tzitzimitl
 38169 | Vaults:1 | Killed a dread lich
 39543 | Vaults:2 | Noticed Donald
 39543 | Vaults:2 | Noticed Sojobo
 39547 | Vaults:2 | Killed Donald
 39548 | Vaults:2 | Reached XP level 20. HP: 185/196 MP: 31/42
 39548 | Vaults:2 | Killed Sojobo
 39550 | Vaults:2 | Found a staircase to the Crypt.
 39761 | Vaults:2 | You fall into a shaft and drop 2 floors!
 39779 | Vaults:4 | Identified the +0 ring mail "Fagui" {Rampage rC- MP+9
                  | Str+2}
 40586 | Vaults:3 | Reached skill level 15 in Conjurations
 41478 | Vaults:4 | Identified the +0 great sword of the Doomed Warrior {venom,
                  | *Slow Will++ rCorr}
 41564 | Vaults:4 | Reached XP level 21. HP: 205/205 MP: 29/43
 42542 | Vaults:5 | Entered Level 5 of the Vaults
 42615 | Vaults:4 | Upgraded the game from 0.31-a0-618-g7ca08c1ff9 to
                  | 0.31-a0-620-gd1cbd99268
 42937 | Depths:1 | Entered Level 1 of the Depths
 42987 | Depths:1 | Noticed a caustic shrike
 42987 | Depths:1 | Noticed a caustic shrike
 42990 | Depths:1 | Noticed a caustic shrike
 42996 | Depths:1 | HP: 8/202 [caustic shrike (20)]
 43469 | Depths:1 | Found a white marble altar of Elyvilon.
 43634 | Depths:1 | Killed a caustic shrike
 43635 | Depths:1 | Killed a caustic shrike
 43660 | Depths:1 | Found a gateway to Hell.
 43675 | Depths:1 | Killed a caustic shrike
 44660 | Depths:2 | Found the +4 Cigotuvi's embrace {Corpsefed rMiasma Drain
                  | rN+}
 44760 | Depths:2 | Reached XP level 22. HP: 209/213 MP: 37/44
 44763 | Depths:2 | Noticed a juggernaut
 44765 | Depths:2 | Noticed a caustic shrike
 44767 | Depths:2 | Killed a juggernaut
 44778 | Depths:2 | Killed a caustic shrike
 45089 | Depths:2 | Found a one-way gate leading to the halls of Pandemonium.
 45276 | Depths:2 | Found a one-way gateway to a ziggurat.
 45631 | Depths:2 | Reached skill level 5 in Shields
 45647 | Depths:2 | Noticed a golden dragon
 45652 | Depths:2 | Killed a golden dragon
 46473 | Depths:3 | Noticed a royal mummy
 46476 | Depths:3 | Killed a royal mummy
 46750 | Depths:3 | Noticed Vv
 46861 | Depths:3 | Killed Vv
 47270 | Depths:3 | Found a one-way gate to the infinite horrors of the Abyss.
 47275 | Depths:3 | Found a blossoming altar of Fedhas.
 47295 | Depths:3 | Noticed a royal mummy
 47301 | Depths:3 | Killed a royal mummy
 47610 | Depths:3 | Noticed a royal mummy
 47610 | Depths:3 | Found the +7 sceptre of Torment {pain, torment}
 47613 | Depths:3 | Killed a royal mummy
 47966 | Depths:4 | Entered Level 4 of the Depths
 48218 | Depths:4 | Reached XP level 23. HP: 228/228 MP: 30/45
 48377 | Depths:4 | Found a gate to the Realm of Zot.
 48746 | Depths:4 | Found a hazy altar of Hepliaklqana.
 48771 | Depths:4 | Noticed a juggernaut
 48774 | Depths:4 | Killed a juggernaut
 49045 | Depths:4 | Found a sacrificial altar of Ru.
 49398 | D:13     | Bought the Codex of Elemental Confusion for 456 gold pieces
 49408 | D:13     | Learned a level 8 spell: Maxwell's Capacitive Coupling
 49499 | Elf:1    | Entered Level 1 of the Elven Halls
 50775 | Elf:2    | Reached XP level 24. HP: 237/237 MP: 41/45
 50785 | Elf:2    | Identified a scroll of acquirement
 50803 | Elf:2    | Acquired the staff "Gyfexzov" {rF+ Tmut Fire}
 51029 | Elf:2    | Found Votz's Tremendous Tomes.
 51175 | Elf:2    | Reached skill level 10 in Air Magic
 51197 | Elf:2    | Found a huge runed translucent gate.
 51199 | Elf:2    | Found a huge runed translucent gate.
 51204 | Elf:2    | Found a huge runed translucent gate.
 51205 | Elf:2    | Found a huge runed translucent gate.
 51205 | Elf:2    | Found a huge runed translucent gate.
 51250 | Elf:3    | Entered Level 3 of the Elven Halls
 51689 | Elf:3    | Found Fimpun's Jewellery Emporium.
 51752 | Elf:3    | Found Xeamem's Magic Scroll Shoppe.
 51758 | Elf:3    | Bought a scroll of enchant armour for 112 gold pieces
 51758 | Elf:3    | Bought a scroll of revelation for 112 gold pieces
 51852 | Elf:3    | Found Yzxiqato's Distillery.
 51873 | Elf:3    | Bought 2 potions of enlightenment for 140 gold pieces
 51873 | Elf:3    | Bought a potion of heal wounds for 70 gold pieces
 51873 | Elf:3    | Bought a potion of haste for 140 gold pieces
 51873 | Elf:3    | Bought a potion of curing for 42 gold pieces
 51873 | Elf:3    | Bought a potion of magic for 112 gold pieces
 51873 | Elf:3    | Bought a potion of curing for 42 gold pieces
 51873 | Elf:3    | Bought a potion of haste for 140 gold pieces
 51873 | Elf:3    | Bought a potion of invisibility for 112 gold pieces
 51935 | Elf:3    | Reached XP level 25. HP: 244/244 MP: 41/45
 51940 | Elf:3    | Identified the amulet of Roppipem {Acrobat Dex+5}
 52008 | Elf:3    | Found the +1 robe of Vines {NoPotionHeal Regen++++}
 52055 | Elf:3    | Identified the +1 quarterstaff "Wueqihod" {flame, rCorr}
 52057 | Elf:3    | Identified the amulet "Quppeuno" {Reflect Drain rPois rN+++
                  | SH+5 Stlth-}
 52057 | Elf:3    | Found the +10 tower shield of Ignorance {rN+ Int-4}
 52059 | Elf:3    | Identified the staff of Dismay {rF++ rC+ Conj}
 52068 | Elf:3    | Got the Codex of Corpses and Hexes
 52070 | Elf:3    | Got the Papyrus of Bad Luck
 52132 | Elf:3    | Identified the +9 falchion of the Original Sin {elec, rC+}
 52146 | Elf:3    | Got Sif Muna's Vellum of Turbulence
 52191 | Elf:3    | Identified the +3 sling of Profit {drain, Dex+2 SInv}
 52216 | Elf:3    | Got the Volume of the Syncline
 52432 | Elf:3    | Found Uptal's Assorted Antiques.
 52440 | Elf:3    | Bought a potion of cancellation for 336 gold pieces
 52923 | Slime:1  | Entered Level 1 of the Pits of Slime
 53333 | Slime:4  | Reached skill level 15 in Air Magic
 53338 | Slime:4  | Reached skill level 10 in Shields
 53482 | Slime:5  | Entered Level 5 of the Pits of Slime
 53651 | Slime:5  | Noticed the Royal Jelly
 53655 | Slime:5  | Killed the Royal Jelly
 54171 | Slime:5  | Found the +3 hat of Pondering {ponderous, Will+ MP+10
                  | Int+5}
 54185 | Slime:5  | Identified the amulet of Light {RegenMP rElec}
 54258 | Slime:5  | Identified the +3 war axe "Fyet" {flame, Int+3 SInv}
 54317 | Slime:5  | Identified the +8 mace of the King {drain, *Noise rF+
                  | Int+5}
 54326 | Slime:5  | Identified the +0 plate armour of the Harvest {+Blink rN+++
                  | Str-2}
 54521 | Slime:5  | Identified the +2 hand axe "Ixzoakk" {drain, rN+++ rCorr
                  | Str-5 Stlth+}
 54533 | Slime:5  | Got a slimy rune of Zot
 54536 | Slime:5  | Identified the +7 tower shield "Cegryuph" {Harm rF+ Dex-2}
 56093 | Vaults:5 | Reached XP level 26. HP: 235/260 MP: 30/45
 56843 | Vaults:5 | Found Imaul's Antique Armour Shop.
 56850 | Vaults:5 | Noticed a dread lich
 56854 | Vaults:5 | Killed a dread lich
 56934 | Vaults:5 | Found Nayrudoh's Antique Weapon Shoppe.
 56969 | Vaults:5 | Got the Compendium of the Amassed Scorpion
 57025 | Vaults:5 | Identified the +0 hat of Joetuts {rN++}
 57033 | Vaults:5 | Identified the amulet of Mumetir {Faith Int+3}
 57305 | Vaults:5 | Got Sif Muna's Spellbook of Fluctuating Hoarfrost
 57319 | Vaults:5 | Got a silver rune of Zot
 57328 | Vaults:5 | Got Pamif's Arcane Secrets of Hermeneutics
 57421 | Vaults:5 | Found Irel's Antique Armour Boutique.
 57428 | Vaults:5 | Found Kessyju's Distillery.
 57432 | Vaults:5 | Bought a potion of brilliance for 56 gold pieces
 57432 | Vaults:5 | Bought a potion of curing for 42 gold pieces
 57432 | Vaults:5 | Bought a potion of cancellation for 112 gold pieces
 57432 | Vaults:5 | Bought a potion of curing for 42 gold pieces
 57432 | Vaults:5 | Bought a potion of haste for 140 gold pieces
 57955 | Crypt:1  | Entered Level 1 of the Crypt
 58690 | Crypt:1  | Learned a level 9 spell: Chain Lightning
 58801 | Crypt:2  | Noticed Boris
 58804 | Crypt:2  | Killed Boris
 58889 | Crypt:2  | Noticed Zenata
 58896 | Crypt:2  | Killed Zenata
 59516 | Crypt:2  | Reached skill level 15 in Shields
 59527 | Crypt:2  | Reached XP level 27. HP: 273/273 MP: 45/45
 59869 | Crypt:3  | Entered Level 3 of the Crypt
 59869 | Crypt:3  | Found a runed translucent gate.
 59869 | Crypt:3  | Found a runed translucent gate.
 59869 | Crypt:3  | Found a runed translucent gate.
 59970 | Crypt:3  | a caustic shrike changed into a juggernaut
 59970 | Crypt:3  | Noticed a juggernaut (glowing shapeshifter)
 60270 | Crypt:3  | Noticed an ancient lich
 60272 | Crypt:3  | Noticed Xtahua
 60273 | Crypt:3  | Killed an ancient lich
 60278 | Crypt:3  | Killed Xtahua
 61016 | Crypt:3  | Found an ancient bone altar of Kikubaaqudgha.
 61022 | Crypt:3  | Found a basalt altar of Yredelemnul.
 61037 | Crypt:3  | Identified the +0 leather armour of the Centaur {Harm rN+
                  | Dex+2}
 61218 | Crypt:3  | Found a staircase to the Tomb.
 61421 | Crypt:3  | Acquired a book of Chaos
 61709 | Hell     | Entered the Vestibule of Hell
 61709 | Hell     | Noticed Geryon
 61715 | Hell     | Killed Geryon
 61836 | Zig:1    | Entered Level 1 of a ziggurat
 61856 | Zig:2    | Entered Level 2 of a ziggurat
 61875 | Zig:2    | Identified the +2 hand axe of the Ecumenical Temple {elec,
                  | Will+ Str+5}
 61878 | Zig:3    | Entered Level 3 of a ziggurat
 61895 | Zig:3    | Got the Elucidation of the Jinx
 61907 | Zig:4    | Entered Level 4 of a ziggurat
 61917 | Zig:4    | Identified the amulet "Kafrem" {Reflect Fly Will+ Int+3
                  | SH+5}
 61928 | Zig:5    | Entered Level 5 of a ziggurat
 61953 | Zig:6    | Entered Level 6 of a ziggurat
 61976 | Zig:6    | Identified the +1 dagger "Xarile" {antimagic, rElec rN+
                  | Str-4 Dex+2}
 61991 | Zig:7    | Entered Level 7 of a ziggurat
 62059 | Zig:8    | Entered Level 8 of a ziggurat
 62106 | Zig:9    | Entered Level 9 of a ziggurat
 62120 | Zig:9    | Found the +8 trishula "Condemnation" {holy, anguish, *Noise
                  | Fly rN+}
 62158 | Zig:10   | Entered Level 10 of a ziggurat
 62186 | Zig:10   | Identified the +5 broad axe of the Pyrrhic Victory {freeze,
                  | Str+3}
 62209 | Zig:11   | Entered Level 11 of a ziggurat
 62220 | Zig:11   | Gained mutation: Your magical capacity is low. (-10% MP) [a
                  | shining eye]
 62266 | Zig:12   | Entered Level 12 of a ziggurat
 62274 | Zig:12   | Noticed an ancient lich
 62280 | Zig:12   | Killed an ancient lich
 62378 | Zig:12   | Identified the staff "Vaosap" {rElec Dex+6 Air}
 62394 | Zig:12   | Identified the +0 helmet of a volcano {+Inv Int+4 Dex-2
                  | Stlth+}
 62415 | Zig:13   | Entered Level 13 of a ziggurat
 62441 | Zig:13   | Identified the +6 whip of Linearity {speed, MP+9 Dex+3}
 62449 | Zig:13   | Identified the +6 hand axe "Agedop" {flame, +Blink Str+3}
 62498 | Zig:14   | Entered Level 14 of a ziggurat
 62632 | Zig:14   | Identified the ring of Boirghyu {Fly rElec rPois Will-}
 62649 | Zig:14   | Identified the amulet of the Shining Light {Faith rElec}
 62661 | Zig:14   | Identified the +1 sling of Pattodi {speed, Str+2}
 62662 | Zig:14   | Identified the +1 mace of Odel {heavy, rN+ Dex+3}
 62681 | Zig:15   | Entered Level 15 of a ziggurat
 62881 | Zig:15   | Identified the ring "Quprama" {Wiz Contam MP-9 Dex+8}
 62895 | Zig:15   | Identified the +0 plate armour of Xerat {Will- Dex+6
                  | Slay+4}
 62905 | Zig:16   | Entered Level 16 of a ziggurat
 63060 | Zig:16   | Identified the +2 ring mail of the Twenty Violins {Dex+3}
 63061 | Zig:16   | Identified the +7 dagger of Bellicose Purpose {flame,
                  | rPois}
 63069 | Zig:16   | Identified the +1 glaive of Ascent {venom, Int+4}
 63073 | Zig:17   | Entered Level 17 of a ziggurat
 63078 | Zig:17   | Noticed Impymats the pandemonium lord
 63082 | Zig:17   | Killed Impymats the pandemonium lord
 63096 | Zig:17   | Noticed Abrizur the pandemonium lord
 63097 | Zig:17   | Noticed Quwex the pandemonium lord
 63097 | Zig:17   | Noticed Witau the pandemonium lord
 63099 | Zig:17   | Killed Witau the pandemonium lord
 63100 | Zig:17   | Killed Abrizur the pandemonium lord
 63101 | Zig:17   | Noticed Liprick the pandemonium lord
 63102 | Zig:17   | Killed Quwex the pandemonium lord
 63105 | Zig:17   | Killed Liprick the pandemonium lord
 63181 | Zig:17   | Identified the +3 ring mail of Wu Jian's Pride {Rampage rN+
                  | Will- Int+7}
 63220 | Zig:18   | Entered Level 18 of a ziggurat
 63316 | Zig:18   | Identified the +9 broad axe "Silam" {heavy, Will++}
 63330 | Zig:19   | Entered Level 19 of a ziggurat
 63518 | Zig:19   | Found the +3 giant club "Skullcrusher" {speed, Str+7}
 63523 | Zig:19   | Identified the +10 great sword "Hadeytho" {pain, rCorr}
 63527 | Zig:19   | Identified the +0 scale mail "Tamauf" {rN+}
 63543 | Zig:19   | Identified the +5 quarterstaff of Upli {flame, Int+2}
 63552 | Zig:20   | Entered Level 20 of a ziggurat
 63761 | Zig:20   | Identified the +9 spear "Hell-Harrower" {distort, rElec
                  | rCorr Stlth+}
 63766 | Zig:20   | Identified the staff of the Dead {rElec rN+ Str-2 Int+2
                  | Air}
 63936 | Zig:21   | Entered Level 21 of a ziggurat
 63946 | Zig:21   | Noticed Hewasun's ghost (legendary MiBe)
 63946 | Zig:21   | Noticed Xiwu's ghost (legendary MiFi)
 63946 | Zig:21   | Noticed Lasuan's ghost (master MiWr)
 63951 | Zig:21   | Killed Hewasun's ghost
 63952 | Zig:21   | Noticed Lasuan's ghost (master MiWr)
 63953 | Zig:21   | Noticed Ecsetopt's ghost (legendary BaWn)
 63953 | Zig:21   | Noticed Xavori's ghost (legendary OpCK)
 63954 | Zig:21   | Noticed Xiwu's ghost (legendary MiFi)
 63954 | Zig:21   | Noticed Motirgh's ghost (legendary DgHW)
 63954 | Zig:21   | Noticed bmack86's ghost (veteran MiFi)
 63955 | Zig:21   | Killed Lasuan's ghost
 63956 | Zig:21   | Killed Xiwu's ghost
 63956 | Zig:21   | Noticed Shard1697's ghost (legendary GrCj)
 63956 | Zig:21   | Noticed cforsyth's ghost (legendary GnAr)
 63958 | Zig:21   | Killed Motirgh's ghost
 63958 | Zig:21   | Killed Xiwu's ghost
 63958 | Zig:21   | Killed Ecsetopt's ghost
 63964 | Zig:21   | Killed bmack86's ghost
 63965 | Zig:21   | Killed Xavori's ghost
 63965 | Zig:21   | Killed Lasuan's ghost
 63965 | Zig:21   | Noticed HallandMoats's ghost (veteran DsMo)
 63966 | Zig:21   | Killed cforsyth's ghost
 63966 | Zig:21   | Killed Shard1697's ghost
 63971 | Zig:21   | Killed HallandMoats's ghost
 64180 | Zig:21   | Found the crystal ball of Wucad Mu {*channel}
 64180 | Zig:21   | Found the +10 pair of quick blades "Gyre" and "Gimble"
                  | {protect}
 64186 | Zig:21   | Identified the +0 cloak "Afeoxagh" {rPois Str+3}
 64187 | Zig:21   | Identified the +10 orcbow of a sewer {elec, *Corrode rC+++
                  | rN+++ Str-2}
 64192 | Zig:21   | Identified the staff "Ciaxydipn" {Fly Will+ Str-4 Earth}
 64204 | Zig:21   | Identified the staff "Pudusyst" {rF- Int+3 Stlth+ Earth}
 64214 | Zig:21   | Identified the ring "Iqirock" {Ice Str+3}
 64236 | Zig:21   | Acquired the +5 barding of Resilience {rElec}
 64267 | Zig:22   | Entered Level 22 of a ziggurat
 64306 | Zig:22   | Identified the +2 buckler of Defiance {Will+ Str+6}
 64427 | Zig:22   | Identified the +4 short sword of Embarrassment {flame,
                  | rPois}
 64430 | Zig:22   | Identified the staff "Waheymubb" {rN+ Int+2 Necro}
 64521 | Zig:23   | Entered Level 23 of a ziggurat
 64642 | Zig:23   | Identified the +7 falchion of Terror {heavy, SInv}
 64648 | Zig:23   | Identified the +12 whip of Balance {freeze, Int+2}
 64649 | Zig:23   | Identified the +1 rapier of Kismet {vamp, rF++}
 64659 | Zig:24   | Entered Level 24 of a ziggurat
 64735 | Zig:24   | Noticed Ixiodis the pandemonium lord
 64738 | Zig:24   | Killed Ixiodis the pandemonium lord
 65100 | Zig:24   | Found the +2 Maxwell's thermic engine {flame, freeze, rev}
 65118 | Zig:24   | Identified the +5 mace of Watchfulness {flame, Dex+2}
 65152 | Zig:24   | Identified the +8 mace of Qoty {elec, rPois}
 65160 | Zig:25   | Entered Level 25 of a ziggurat
 65186 | Zig:25   | Noticed an ancient lich
 65189 | Zig:25   | Noticed a dread lich
 65190 | Zig:25   | Killed an ancient lich
 65192 | Zig:25   | Killed a dread lich
 65194 | Zig:25   | Noticed a dread lich
 65194 | Zig:25   | Noticed a dread lich
 65196 | Zig:25   | Killed a dread lich
 65196 | Zig:25   | Killed a dread lich
 65201 | Zig:25   | Noticed an ancient lich
 65202 | Zig:25   | Noticed a dread lich
 65204 | Zig:25   | Killed a dread lich
 65206 | Zig:25   | Killed an ancient lich
 65283 | Zig:25   | Identified the ring "Zocziasto" {Fire SInv}
 65292 | Zig:25   | Identified the ring of Rureaf {rPois rC+ Will- Str+8
                  | Slay+4}
 65328 | Zig:26   | Entered Level 26 of a ziggurat
 65344 | Zig:26   | Noticed Tofemoext the pandemonium lord
 65349 | Zig:26   | Killed Tofemoext the pandemonium lord
 65368 | Zig:26   | Noticed Cagiru the pandemonium lord
 65371 | Zig:26   | Killed Cagiru the pandemonium lord
 65371 | Zig:26   | Noticed Ziloaxzo the pandemonium lord
 65376 | Zig:26   | Killed Ziloaxzo the pandemonium lord
 65388 | Zig:26   | Noticed Koamok the pandemonium lord
 65392 | Zig:26   | Killed Koamok the pandemonium lord
 65392 | Zig:26   | Noticed Jimnaism the pandemonium lord
 65395 | Zig:26   | Noticed Goujorr the pandemonium lord
 65397 | Zig:26   | Noticed Rogupuim the pandemonium lord
 65398 | Zig:26   | Killed Jimnaism the pandemonium lord
 65400 | Zig:26   | Killed Goujorr the pandemonium lord
 65402 | Zig:26   | Noticed Bemn the pandemonium lord
 65404 | Zig:26   | Noticed Caefi the pandemonium lord
 65405 | Zig:26   | Noticed Ecuvuv the pandemonium lord
 65405 | Zig:26   | Noticed Adin the pandemonium lord
 65407 | Zig:26   | Killed Rogupuim the pandemonium lord
 65418 | Zig:26   | Killed Bemn the pandemonium lord
 65421 | Zig:26   | Noticed Utoatuuf the pandemonium lord
 65425 | Zig:26   | Killed Utoatuuf the pandemonium lord
 65427 | Zig:26   | Noticed Tatwawin the pandemonium lord
 65430 | Zig:26   | Noticed Sety the pandemonium lord
 65432 | Zig:26   | Killed Ecuvuv the pandemonium lord
 65433 | Zig:26   | Noticed Quqoh the pandemonium lord
 65437 | Zig:26   | Noticed Ymnoyz the pandemonium lord
 65437 | Zig:26   | Noticed Najanoch the pandemonium lord
 65440 | Zig:26   | Killed Caefi the pandemonium lord
 65440 | Zig:26   | Killed Ymnoyz the pandemonium lord
 65445 | Zig:26   | Killed Tatwawin the pandemonium lord
 65447 | Zig:26   | Killed Sety the pandemonium lord
 65449 | Zig:26   | Noticed Hatelinn the pandemonium lord
 65461 | Zig:26   | Killed Adin the pandemonium lord
 65461 | Zig:26   | Killed Najanoch the pandemonium lord
 65461 | Zig:26   | Killed Quqoh the pandemonium lord
 65462 | Zig:26   | Killed Hatelinn the pandemonium lord
 65915 | Zig:26   | Found the +4 consecrated labrys {holy, Valiant Fragile Fly
                  | SInv}
 65922 | Zig:26   | Identified the +6 scale mail of the Garden {Str+2}
 65953 | Zig:26   | Identified the +2 orcbow "Askami" {flame, rCorr}
 65954 | Zig:26   | Identified the +11 mace of the Healing Seer {heavy, Int+3}
 65968 | Zig:26   | Identified the staff of Spores {rF- rC+ MP+9 Earth}
 65976 | Zig:26   | Identified the +9 dagger "Gaes" {protect, rPois SInv
                  | Stlth+}
 65989 | Zig:27   | Entered Level 27 of a ziggurat
 66032 | Zig:27   | Noticed an ancient lich
 66035 | Zig:27   | Killed an ancient lich
 66062 | Zig:27   | Noticed an ancient lich
 66066 | Zig:27   | Killed an ancient lich
 66373 | Zig:27   | Found the +5 robe of Night {Dark Will+ SInv}
 66374 | Zig:27   | Found the +3 greatsling "Punk" {acid, rCorr}
 66412 | Zig:27   | Identified the ring of the Skiapode {rC+ MP+9 SInv}
 66430 | Zig:27   | Identified the +9 short sword "Vieju" {venom, rElec Int-2
                  | Dex+5}
 66467 | Zig:27   | Identified the +0 chain mail "Wodumeav" {rElec rC- Regen+
                  | Str+9}
 66622 | Zot:1    | Entered Level 1 of the Realm of Zot
 66735 | Zot:1    | Noticed Parghit
 66738 | Zot:1    | Killed Parghit
 69013 | Zot:3    | You fall into a shaft and drop 1 floor!
 69034 | Zot:3    | Identified the +8 glaive of Paper {vamp, +Blink Will+
                  | Str+2}
 70231 | Zot:5    | Entered Level 5 of the Realm of Zot
 70748 | Zot:5    | Noticed an ancient lich
 70772 | Zot:5    | Killed an ancient lich
 70882 | Zot:5    | Found a runed translucent door.
 70882 | Zot:5    | Found a shimmering altar of Xom.
 70882 | Zot:5    | Noticed Jeanorph's ghost (legendary MiBe)
 71027 | Zot:5    | Killed Jeanorph's ghost
 71078 | Zot:5    | Noticed an orb of fire
 71082 | Zot:5    | Killed an orb of fire
 71265 | Zot:5    | Noticed an orb of fire
 71268 | Zot:5    | Gained mutation: You occasionally lose the ability to read
                  | scrolls when taking damage. [an orb of fire]
 71299 | Zot:5    | Gained mutation: You are weak. (Str -2) [an orb of fire]
 71304 | Zot:5    | Killed an orb of fire
 71401 | Zot:5    | Noticed an orb of fire
 71402 | Zot:5    | Noticed an orb of fire
 71405 | Zot:5    | Killed an orb of fire
 71406 | Zot:5    | Killed an orb of fire
 71406 | Zot:5    | Noticed an orb of fire
 71408 | Zot:5    | Gained mutation: You occasionally lose the ability to drink
                  | potions when taking damage. [an orb of fire]
 71411 | Zot:5    | Killed an orb of fire
 71930 | Zot:5    | Lost mutation: Your magical capacity is low. (-10% MP)
                  | [potion of mutation]
 71930 | Zot:5    | Lost mutation: You are weak. (Str -2) [potion of mutation]
 71930 | Zot:5    | Gained mutation: You possess an exceptional clarity of
                  | mind. [potion of mutation]
 71930 | Zot:5    | Gained mutation: Your magical capacity is low. (-10% MP)
                  | [potion of mutation]
 71931 | Zot:5    | Lost mutation: Your magical capacity is low. (-10% MP)
                  | [potion of mutation]
 71931 | Zot:5    | Lost mutation: You occasionally lose the ability to drink
                  | potions when taking damage. [potion of mutation]
 71931 | Zot:5    | Lost mutation: You possess an exceptional clarity of mind.
                  | [potion of mutation]
 71931 | Zot:5    | Gained mutation: Your tail ends in a venomous barb. [potion
                  | of mutation]
 72030 | Zot:4    | Upgraded the game from 0.31-a0-620-gd1cbd99268 to
                  | 0.31-a0-632-g766dd24fdf
 72273 | Pan      | Entered Pandemonium
 73214 | Pan      | Noticed Uxiycseo the pandemonium lord
 73221 | Pan      | Killed Uxiycseo the pandemonium lord
 73245 | Pan      | Identified the +1 buckler "Ista" {Harm rN+ Regen+}
 74298 | Pan      | Got a demonic rune of Zot
 74496 | Pan      | Noticed Jawn the pandemonium lord
 74502 | Pan      | Killed Jawn the pandemonium lord
 74679 | Pan      | Upgraded the game from 0.31-a0-632-g766dd24fdf to
                  | 0.31-a0-963-ga325b2283a
 74679 | Pan      | Upgraded the game from 0.31-a0-963-ga325b2283a to
                  | 0.31-a0-1074-g0b22e4e0f1
 74679 | Pan      | Gained mutation: You occasionally shout uncontrollably at
                  | your foes. [a cacodemon]
 74879 | Pan      | Noticed Qorghone the pandemonium lord
 74886 | Pan      | Killed Qorghone the pandemonium lord
 75250 | Pan      | Noticed Dedaexte the pandemonium lord
 75253 | Pan      | Killed Dedaexte the pandemonium lord
 75297 | Pan      | Paralysed by accursed screaming for 1 turns
 75305 | Pan      | Gained mutation: You are frail. (-10% HP) [a cacodemon]
 75319 | Pan      | Reached skill level 1 in Polearms
 75588 | Pan      | Noticed Ignacio
 75593 | Pan      | Killed Ignacio
 75594 | Pan      | Reached skill level 5 in Polearms
 76483 | Pan      | Noticed Rify the pandemonium lord
 76485 | Pan      | Killed Rify the pandemonium lord
 76644 | Pan      | Identified the +1 orcbow "Orytzus" {freeze, rElec}
 77237 | Pan      | Reached skill level 10 in Polearms
 77263 | Pan      | Noticed Retzixoc the pandemonium lord
 77265 | Pan      | Killed Retzixoc the pandemonium lord
 78134 | Pan      | Entered the realm of Gloorx Vloq.
 78226 | Pan      | Reached skill level 1 in Armour
 78740 | Pan      | Reached skill level 5 in Armour
 79182 | Pan      | Noticed Gloorx Vloq
 79189 | Pan      | Killed Gloorx Vloq
 79572 | Pan      | Got a dark rune of Zot
 79736 | Pan      | Found an exit through the horrors of the Abyss.
 80004 | Pan      | Reached skill level 10 in Armour
 80004 | Pan      | Noticed Huirhy the pandemonium lord
 80011 | Pan      | Killed Huirhy the pandemonium lord
 80253 | Pan      | Identified the +11 plate armour of Focus {rN++ Regen+ Str+8
                  | Dex-4}
 80275 | Pan      | Noticed Reugaucs the pandemonium lord
 80280 | Pan      | Killed Reugaucs the pandemonium lord
 80439 | Pan      | Entered the realm of Lom Lobon.
 80957 | Pan      | Noticed Lom Lobon
 80966 | Pan      | Killed Lom Lobon
 80975 | Pan      | Got a magical rune of Zot
 82095 | Pan      | Identified the +3 buckler "Rullex" {rC+}
 82097 | Pan      | Noticed a seraph
 82104 | Pan      | Killed a seraph
 82202 | Pan      | Found a glowing golden altar of the Shining One.
 82235 | Pan      | Identified the +2 short sword of Flawed Execution {protect,
                  | +Blink rF- Int+4 Stlth+}
 82247 | Pan      | Identified the +0 quarterstaff of the Middle {antimagic,
                  | Int+2}
 82781 | Pan      | Reached skill level 27 in Fire Magic
 82809 | Pan      | Found a white marble altar of Elyvilon.
 83378 | Pan      | Identified the amulet of Ikoosum {Regen+ Str+6}
 83559 | Pan      | Found a glowing silver altar of Zin.
 84861 | Pan      | Entered the realm of Mnoleg.
 84867 | Pan      | Found an exit through the horrors of the Abyss.
 85079 | Pan      | Noticed Mennas
 85083 | Pan      | Killed Mennas
 85219 | Pan      | Noticed Mnoleg
 85227 | Pan      | Killed Mnoleg
 85259 | Pan      | Lost mutation: You are frail. (-10% HP) [a cacodemon]
 85261 | Pan      | Gained mutation: You are clumsy. (Dex -2) [a cacodemon]
 85262 | Pan      | Reached skill level 27 in Air Magic
 85407 | Pan      | Got a glowing rune of Zot
 85470 | Pan      | Entered the realm of Cerebov.
 85497 | Pan      | Found the +6 sword of Cerebov {flame}
 85497 | Pan      | Noticed Cerebov
 85506 | Pan      | Killed Cerebov
 85541 | Pan      | Identified the +7 quick blade of Jeosuyv {chaos, rPois
                  | Dex+2}
 85671 | Pan      | Got a fiery rune of Zot
 85761 | Pan      | Identified the ring "Cimuist" {Fly rF- Str+5 Int+2 Stlth+}
 85929 | Pan      | Found a runed translucent door.
 85982 | Pan      | Noticed Sutu the pandemonium lord
 85985 | Pan      | Killed Sutu the pandemonium lord
 86131 | Pan      | Reached skill level 27 in Conjurations
 86163 | Pan      | Noticed Rohexem the pandemonium lord
 86199 | Pan      | Got The Intricacies of Incantation
 86237 | Pan      | Noticed Qeifurin the pandemonium lord
 86241 | Pan      | Killed Qeifurin the pandemonium lord
 86367 | Pan      | Found an exit through the horrors of the Abyss.
 86637 | Pan      | Identified the +6 short sword "Kaimaex" {freeze, rPois
                  | Stlth+}
 87147 | Pan      | Found an exit through the horrors of the Abyss.
 87405 | Pan      | Noticed Geucwoyst the pandemonium lord
 87409 | Pan      | Killed Geucwoyst the pandemonium lord
 87478 | Pan      | Noticed Qaxan the pandemonium lord
 87481 | Pan      | Killed Qaxan the pandemonium lord
 87574 | Pan      | Found an exit through the horrors of the Abyss.
 87713 | Pan      | Noticed Kiduuj the pandemonium lord
 87717 | Pan      | Killed Kiduuj the pandemonium lord
 87808 | Pan      | Found an exit through the horrors of the Abyss.
 87811 | Pan      | Reached skill level 27 in Spellcasting
 87880 | Pan      | Took an exit into the Abyss.
 87880 | Abyss:1  | Escaped into the Abyss
 87923 | Abyss:1  | Found a corrupted altar of Lugonu.
 88231 | Abyss:2  | Found a corrupted altar of Lugonu.
 88233 | Abyss:2  | Found a corrupted altar of Lugonu.
 88233 | Abyss:2  | Found a corrupted altar of Lugonu.
 88456 | Abyss:3  | Paralysed by an air elemental for 1 turns
 88468 | Abyss:3  | Found a corrupted altar of Lugonu.
 88479 | Abyss:3  | Found a corrupted altar of Lugonu.
 88707 | Abyss:3  | Got an abyssal rune of Zot
 88801 | Depths:4 | Escaped the Abyss
 89205 | Tomb:1   | Entered Level 1 of the Tomb of the Ancients
 89237 | Tomb:1   | Noticed Boris
 89241 | Tomb:1   | Killed Boris
 89580 | Tomb:1   | Noticed a royal mummy
 89583 | Tomb:1   | Noticed a royal mummy
 89584 | Tomb:1   | Killed a royal mummy
 89586 | Tomb:1   | Killed a royal mummy
 90197 | Tomb:1   | Noticed a royal mummy
 90201 | Tomb:1   | Killed a royal mummy
 90530 | Tomb:1   | Learned a level 9 spell: Death's Door
 90539 | Tomb:1   | Learned a level 8 spell: Borgnjor's Revivification
 90718 | Tomb:2   | Reached skill level 1 in Necromancy
 90718 | Tomb:2   | Noticed a royal mummy
 90718 | Tomb:2   | Noticed a royal mummy
 90718 | Tomb:2   | Noticed a royal mummy
 90718 | Tomb:2   | Noticed a royal mummy
 90724 | Tomb:2   | Killed a royal mummy
 90744 | Tomb:2   | Reached skill level 5 in Necromancy
 90753 | Tomb:2   | Killed a royal mummy
 90765 | Tomb:2   | Killed a royal mummy
 90766 | Tomb:2   | Killed a royal mummy
 90769 | Tomb:2   | HP: 13/294 [something (12)]
 91401 | Tomb:1   | Noticed a royal mummy
 91403 | Tomb:1   | Noticed a royal mummy
 91403 | Tomb:1   | Noticed a royal mummy
 91403 | Tomb:1   | Noticed a royal mummy
 91403 | Tomb:1   | Noticed a royal mummy
 91403 | Tomb:1   | Noticed a royal mummy
 91406 | Tomb:1   | Killed a royal mummy
 91406 | Tomb:1   | Killed a royal mummy
 91406 | Tomb:1   | Noticed a royal mummy
 91407 | Tomb:1   | Killed a royal mummy
 91409 | Tomb:1   | Killed a royal mummy
 91415 | Tomb:1   | Killed a royal mummy
 91418 | Tomb:1   | Killed a royal mummy
 91418 | Tomb:1   | Noticed a royal mummy
 91419 | Tomb:1   | Reached skill level 10 in Necromancy
 91421 | Tomb:1   | Killed a royal mummy
 91426 | Tomb:1   | Killed a royal mummy
 91845 | Tomb:1   | Noticed a royal mummy
 91849 | Tomb:1   | Killed a royal mummy
 91970 | Tomb:1   | Noticed a royal mummy
 91973 | Tomb:1   | Killed a royal mummy
 92102 | Tomb:1   | Noticed a royal mummy
 92102 | Tomb:1   | Noticed a royal mummy
 92105 | Tomb:1   | Killed a royal mummy
 92105 | Tomb:1   | Killed a royal mummy
 92316 | Tomb:1   | Noticed a royal mummy
 92321 | Tomb:1   | Killed a royal mummy
 92391 | Tomb:1   | Noticed a royal mummy
 92396 | Tomb:1   | Killed a royal mummy
 92597 | Tomb:1   | Noticed a royal mummy
 92597 | Tomb:1   | Noticed a royal mummy
 92600 | Tomb:1   | Noticed a royal mummy
 92602 | Tomb:1   | Killed a royal mummy
 92606 | Tomb:1   | Killed a royal mummy
 92607 | Tomb:1   | Killed a royal mummy
 92607 | Tomb:1   | Noticed a royal mummy
 92608 | Tomb:1   | Killed a royal mummy
 92869 | Tomb:1   | Noticed a royal mummy
 92877 | Tomb:1   | Killed a royal mummy
 93466 | Tomb:3   | Entered Level 3 of the Tomb of the Ancients
 93488 | Tomb:3   | Noticed Khufu
 93491 | Tomb:3   | Killed Khufu
 93491 | Tomb:3   | HP: 9/294 [something (18)]
 93495 | Tomb:3   | Noticed a royal mummy
 93495 | Tomb:3   | Noticed a royal mummy
 93894 | Tomb:3   | Noticed a royal mummy
 93897 | Tomb:3   | Killed a royal mummy
 93897 | Tomb:3   | Killed a royal mummy
 93899 | Tomb:3   | Killed a royal mummy
 93901 | Tomb:3   | Noticed a royal mummy
 93904 | Tomb:3   | Killed a royal mummy
 93904 | Tomb:3   | Killed a royal mummy
 93905 | Tomb:3   | Reached skill level 15 in Necromancy
 94287 | Tomb:3   | Noticed a royal mummy
 94289 | Tomb:3   | Noticed a royal mummy
 94290 | Tomb:3   | Killed a royal mummy
 94293 | Tomb:3   | Killed a royal mummy
 94293 | Tomb:3   | Noticed a royal mummy
 94294 | Tomb:3   | Killed a royal mummy
 94541 | Tomb:3   | Found the +6 lightning scales {swift, rElec}
 94549 | Tomb:3   | Identified the +10 chain mail "Viyqaqin" {Str+6 Int-3
                  | Dex-2}
 94595 | Tomb:3   | Identified the +8 falchion of Bodily Harmony {vamp, *Slow
                  | Int+4 Dex+3}
 94596 | Tomb:3   | Identified the +0 pair of gloves of the Onion {rElec
                  | Slay+3}
 94599 | Tomb:3   | Identified the ring of Xour {rC+ Dex+6}
 94633 | Tomb:3   | Identified the ring "Jufut" {Drain rElec rN+ Will+ MP+9}
 94742 | Tomb:3   | Got a golden rune of Zot
 95587 | Hell     | Found a gateway to the decaying netherworld of Tartarus.
 95731 | Hell     | Found a gateway to the Iron City of Dis.
 95737 | Dis:1    | Entered Level 1 of the Iron City of Dis
 96698 | Dis:7    | Entered Level 7 of the Iron City of Dis
 97082 | Dis:7    | Noticed a dread lich
 97084 | Dis:7    | Killed a dread lich
 97443 | Dis:7    | Noticed a juggernaut
 97446 | Dis:7    | Killed a juggernaut
 97570 | Dis:7    | Identified the +4 hand axe of the Shifting Saviour {flame,
                  | Drain rElec Dex+7}
 97570 | Dis:7    | Noticed Dispater
 97575 | Dis:7    | Killed Dispater
 97790 | Dis:7    | Identified the +1 great sword "Qetuet" {heavy, rElec Int+3
                  | Dex+3}
 97792 | Dis:7    | Got an iron rune of Zot
 98054 | Hell     | Found a gateway to the ashen valley of Gehenna.
 98106 | Tar:1    | Entered Level 1 of Tartarus
 98143 | Tar:1    | Noticed a dread lich
 98147 | Tar:1    | Killed a dread lich
 98147 | Tar:1    | Noticed an ancient lich
 98161 | Tar:1    | Killed an ancient lich
 98422 | Tar:2    | Noticed a juggernaut
 98422 | Tar:2    | Noticed a juggernaut
 98425 | Tar:2    | Killed a juggernaut
 98430 | Tar:2    | Killed a juggernaut
 98437 | Tar:2    | Reached skill level 5 in Dodging
 98915 | Tar:5    | You fall into a shaft and drop 1 floor!
 99030 | Tar:7    | Entered Level 7 of Tartarus
 99107 | Tar:7    | Reached skill level 10 in Dodging
 99109 | Tar:7    | Reached skill level 27 in Fighting
 99450 | Tar:7    | Noticed a dread lich
 99456 | Tar:7    | Killed a dread lich
 99539 | Tar:7    | Noticed Ereshkigal
 99544 | Tar:7    | Killed Ereshkigal
 99585 | Tar:7    | Got a bone rune of Zot
 99652 | Tar:7    | Noticed an ancient lich
 99652 | Tar:7    | Noticed an ancient lich
 99653 | Tar:7    | Killed an ancient lich
 99653 | Tar:7    | Killed an ancient lich
 99654 | Tar:7    | Noticed an ancient lich
 99657 | Tar:7    | Killed an ancient lich
 99662 | Tar:7    | Identified the staff "Ejepuo" {rC+ SInv Ice}
 99794 | Tar:7    | Identified the staff "Gaapsuxtu" {rElec Will+ Str+8 Dex-2
                  | Conj}
 99797 | Tar:7    | Identified the +2 shortbow "Giantbane" {heavy, +Blink
                  | Int+3}
 99901 | Tar:7    | Identified the +1 dagger of the Three Villages {venom,
                  | Str+6 Dex+4}
 99904 | Tar:7    | Identified the +7 hand axe of the Fox {antimagic, +Blink
                  | rF+ Will- Stlth+}
100012 | Tar:7    | Identified the amulet of the Sky {Reflect rElec Int+5 Dex-5
                  | SH+5 Stlth+}
100013 | Tar:7    | Identified the staff of the Dungeon {rF+ rC+ Str+3 Stlth+
                  | Fire}
100040 | Tar:7    | Identified the amulet of Wariness {Faith Will- Str+4}
100128 | Hell     | Found a gateway to the freezing wastes of Cocytus.
100176 | Coc:1    | Entered Level 1 of Cocytus
100191 | Coc:1    | Reached skill level 15 in Dodging
100236 | Coc:2    | Reached skill level 27 in Shields
100409 | Coc:5    | Paralysed by a wendigo for 1 turns
100909 | Coc:7    | Entered Level 7 of Cocytus
100922 | Coc:7    | Paralysed by a wendigo for 1 turns
101625 | Coc:7    | Reached skill level 15 in Armour
101663 | Coc:7    | Noticed Antaeus
101669 | Coc:7    | Killed Antaeus
101679 | Coc:7    | Identified the +1 arbalest of Uheq {elec, Contam Fragile
                  | rElec rN+++}
101680 | Coc:7    | Identified the +0 leather armour "Lawkaocs" {rElec Regen+
                  | Dex+4}
101685 | Coc:7    | Got an icy rune of Zot
101873 | Geh:1    | Entered Level 1 of Gehenna
102026 | Geh:2    | Lost mutation: You occasionally shout uncontrollably at
                  | your foes. [potion of mutation]
102026 | Geh:2    | Lost mutation: You occasionally lose the ability to read
                  | scrolls when taking damage. [potion of mutation]
102026 | Geh:2    | Lost mutation: You are clumsy. (Dex -2) [potion of
                  | mutation]
102026 | Geh:2    | Gained mutation: You have hidden genetic potential. [potion
                  | of mutation]
102026 | Geh:2    | Gained mutation: You are partially covered in iridescent
                  | scales. (AC +2) [potion of mutation]
102490 | Geh:7    | Entered Level 7 of Gehenna
102813 | Geh:7    | Noticed the Serpent of Hell
102817 | Geh:7    | Killed the Serpent of Hell
103161 | Geh:7    | Found the +13 sceptre of Asmodeus
103161 | Geh:7    | Noticed Asmodeus
103166 | Geh:7    | Killed Asmodeus
103201 | Geh:7    | Got an obsidian rune of Zot
103730 | Zot:5    | Got the Orb of Zot
104048 | Depths:3 | Noticed Ranuc the pandemonium lord
104051 | Depths:3 | Killed Ranuc the pandemonium lord
104291 | D:12     | Noticed Xeopneunn the pandemonium lord
104292 | D:12     | Killed Xeopneunn the pandemonium lord
104422 | D:5      | Noticed Pexoeb the pandemonium lord
104540 | D:$      | Escaped with the Orb!

Illustrated notes

Levels and vault maps discovered:
D:1:      dpeg_arrival_ternary, layout_loops_cross,
          chequers_ecumenical_altar_simple
D:2:      layout_rooms, dk_noncrumbling_2
D:3:      layout_loops_ring, vehumet_altar_wand_db
D:4:      nicolae_cairo_tiling_large, layout_loops_ring,
          mainiacjoe_overflow_catwalk, minmay_temple_entry_butterflies,
          ebering_ghost_gozag
D:5:      layout_loops_corners, nicolae_overflow_hidden_temple,
          okawaru_gym_becter, uniq_ijyb
D:6:      layout_basic, kennysheep_mini, trog_hazing_becter,
          minmay_misc_feat_plants
D:7:      minmay_skewed_foursquare, layout_cave_pods, makhleb_heckhound_becter,
          amcnicky_mini_corridor_feature
D:8:      layout_cave_pools, ashenzari_conservatory_becter, enter_bailey_5,
          uniq_maggie
D:9:      minmay_the_grid_four_pointed_star_mashed
          [minmay_the_grid_triangle_9x9_thin_v,
          minmay_the_grid_triangle_9x9_flanged_cone,
          minmay_the_grid_triangle_9x9_longest,
          minmay_the_grid_triangle_9x9_negative_grid,
          minmay_the_grid_prize_diamond_cup], layout_stronghold,
          mainiacjoe_overflow_surrounded_room, dpeg_oklobed_lair, serial_shops,
          nicolae_shop_window_shopping, uniq_harold
D:10:     layout_loops_ring, mainiacjoe_overflow_alcove_4, hangedman_stone_soup,
          uniq_urug, uniq_psyche
D:11:     layout_loops_ring, orc_0_dummy
D:12:     layout_long_grid
D:13:     layout_rooms, david_vaults_3, nicolae_custom_books
D:14:     layout_loops_ring, ebering_ghost_rock_garden, serial_shops, shop,
          lemuel_tele_altar, uniq_roxanne, uniq_louise
D:15:     hangedman_depths_entry_try_elsewhere_first, layout_cave_pools,
          serial_park_square1 [serial_park_minivault_5x5_1]
Lair:1:   layout_layer_cave, beast_lair_carwin_9, infiniplex_staircase_pool_2
Lair:2:   nzn_winding_woodlands_three_and_one
          [nzn_winding_woodlands_5x15_parted,
          nzn_winding_woodlands_5x15_pathside_ponds,
          nzn_winding_woodlands_5x15_split_checker,
          nzn_winding_woodlands_center_triple_pond], layout_chaotic_city,
          minmay_shoals_entry_lonely_mermaid, nicolae_spider_entry_orb_guardian
Lair:3:   layout_roguey, portal_ice_cave_entry_imps, serial_bayou_shore_a,
          uniq_amaemon
Lair:4:   layout_roguey, cheibrodos_lair_lostbears, lemuel_fruit_fields,
          grunt_megastairs_5
Lair:5:   due_jungle_book, layout_cave_pods, slime_entry_2,
          chequers_serial_rivers_marsh, serial_bayou_shore_b, uniq_sonja,
          uniq_nessos
Shoals:1: layout_shoals, gammafunk_ghost_tricky_traps, uniq_mlioglotl
Shoals:2: layout_shoals, nicolae_shop_gadgets
Shoals:3: layout_shoals
Shoals:4: shoals_end_hellmonk_storm_palace [storm_palace_center_circular,
          storm_palace_corner_narrow, storm_palace_corner_narrow,
          storm_palace_corner_reverse_hut, storm_palace_corner_blocked],
          serial_shops, uniq_kirke
Spider:1: layout_spider_delve
Spider:2: layout_spider_delve, beargit_elvish_explorers
Spider:3: layout_spider_delve, nicolae_spider_rock_and_or_roll, uniq_asterion,
          uniq_arachne
Spider:4: guppyfry_spider_rune
Slime:1:  layout_caves
Slime:2:  layout_caves, nicolae_slime_welcoming_committee
Slime:3:  layout_caves, cheibrodos_slime_lost_civilization_4
Slime:4:  layout_caves
Slime:5:  slime_pit_nicolae_block_by_block
Orc:1:    layout_diamond_mine, nicolae_orc_damp_corner
Orc:2:    kennysheep_orc_mage_school, layout_caves, serial_shops, shop,
          shop_statue, nicolae_shop_tiny_real_fake_doors
Elf:1:    eino_elf_arrival_customs, layout_gridlike, hangedman_elf_represent,
          billiards_dpeg, lemuel_upstairs_altar
Elf:2:    elven_hall_of_blades_hangedman_alternative
          [nicolae_vaults_blade_armed_guards], layout_gridlike,
          nicolae_shop_i_like_big_books, st_stairs_12, hex_intersection
Elf:3:    elf_hall, layout_gridlike, serial_shops, nicolae_shop_real_fake_doors,
          nicolae_shop_just_a_little_nook, shop, shop, grunt_ministairs_12
Vaults:1: nicolae_vaults_storage_closets_1, hangedman_vaults_trim,
          nicolae_vaults_spaceships, vaults_room_pools, hangedman_vaults_stream,
          st_check, v_misc_16, ontoclasm_vaults_spin, nicolae_vaults_house_1,
          vaults_standard_mumra_x, ontoclasm_vaults_shuriken,
          grunt_vaults_diagonal, layout_vaults_ring
Vaults:2: v_alt_pattern_1, grunt_vaults_bifocal, ontoclasm_vaults_gallery,
          nicolae_vaults_storage_closets_2, nicolae_vaults_three_branches,
          hangedman_vaults_trim, vaults_room_fancy_cross,
          layout_vaults_omnigrid, uniq_donald, uniq_sojobo
Vaults:3: nicolae_vaults_trapezoid_3, vaults_mumra_hex,
          nicolae_vaults_layer_cake_slice, nicolae_vaults_ring_of_whatevers,
          v_misc_8, nicolae_vaults_more_shelving_1, v_misc_11,
          nicolae_vaults_network_barrier, hangedman_vaults_stretched_pinwheel,
          v_misc_2, nicolae_vaults_mush_room, nicolae_vaults_alarming,
          layout_vaults_maze
Vaults:4: grunt_vaults_swirl, ontoclasm_vaults_ring_small,
          nicolae_vaults_yaktaur_gun_rack, nicolae_vaults_trapezoid_lopsided_2,
          nicolae_vaults_door_testing_chamber, hangedman_vaults_corner_blocks,
          v_misc_22, grunt_vaults_funnel, v_misc_19, ontoclasm_vaults_fault,
          nicolae_vaults_puzzle_piece, nicolae_vaults_murder_corner,
          layout_vaults_big_room
Vaults:5: serial_shops
Crypt:1:  layout_rooms, hangedman_weighted_door
Crypt:2:  minmay_skeleton_keep, layout_regular_city,
          roderic_lattice_octagonal_star, uniq_zenata, uniq_boris
Crypt:3:  lightli_unholy_cathedral, layout_chaotic_city,
          nicolae_tomb_entry_unfolded_pyramid_diagonal, pandoras_box_mu,
          uniq_xtahua
Tomb:1
Tomb:2
Tomb:3
Depths:1: layout_honeycomb, hell_entry, nicolae_elyvilon_temple_path,
          serial_bayou_shore_b
Depths:2: four-leaf_vault, layout_cave_shapes, enter_ziggurat_b,
          pf_hell_entry_tar_spiral, rand_demon_pan_entry_8,
          amcnicky_mini_pool_small, drop_trap, infiniplex_staircase_zigzag_5,
          kennysheep_random_hallway
Depths:3: minmay_guarded_unrand_sceptre_of_torment, layout_cave_pools,
          pf_coc_iceberg, abyss_entry, fedhas_altar_1, uniq_vv
Depths:4: evilmike_zot_entry_argh, layout_gridlike, pan_entry, hell_entry,
          special_room [special_room_mythical_zoo], hangedman_ru_absence,
          nicolae_hepliaklqana_hazy_memory
Hell
Dis:1:    layout_subdivisions
Dis:2:    layout_gridville
Dis:3:    layout_subdivisions
Dis:4:    layout_regular_city
Dis:5:    layout_gridville, nicolae_dis_distal_crystal
Dis:6:    layout_gridville
Dis:7:    dis_st
Geh:1:    layout_gehenna_pools_triple
Geh:2:    layout_gehenna_pools_basic, lemuel_old_faithful
Geh:3:    layout_gehenna_lava_caves
Geh:4:    layout_gehenna_pools_basic
Geh:5:    layout_gehenna_lava_caves, nicolae_geh_lavax
Geh:6:    layout_gehenna_lava_caves
Geh:7:    evilmike_geh
Coc:1:    layout_cocytus_water_paths
Coc:2:    layout_cocytus_water_paths
Coc:3:    layout_cocytus_water_paths
Coc:4:    layout_cocytus_water_paths, serial_ice
Coc:5:    layout_cocytus_delve, nicolae_coc_icebean_singular
          [nicolae_sub_coc_subbean]
Coc:6:    layout_cocytus_delve
Coc:7:    coc_grunt
Tar:1:    layout_catacombs
Tar:2:    nicolae_hells_titanomachy
Tar:3:    layout_catacombs, nicolae_hells_hurtin_island
Tar:4:    nicolae_tar_intersect_combbox, layout_cathedral_of_symmetry,
          nicolae_tar_cuneiform_heaven, nicolae_tar_cuneiform_oil
Tar:5:    layout_catacombs
Tar:6:    hangedman_tartarus_temple_path, layout_cathedral_of_symmetry
Tar:7:    tar_old
Zot:1:    layout_misc_corridors, zot_minivault_6, uniq_parghit
Zot:2:    layout_twisted_circle
Zot:3:    lemuel_acid_trip, layout_onion_interference
Zot:4:    layout_onion_interference
Zot:5:    layout_cathedral_of_symmetry, ebering_ghost_xom, st_stairs_3

Skill      XL: |  1  2  3  4  5  6  7  8  9 10 11 12 13 14 15 16 17 18 19 20 21 22 23 24 25 26 27 |
---------------+----------------------------------------------------------------------------------+-----
Poison Magic   | 5 6 7 9 |  9.1
Spellcasting   | 3 4 5 7 8 10 12 15 17 18 27 | 27.0
Fighting       | 2 4 6 8 10 12 16 18 19 21 27 | 27.0
Shields        | 1 2 8 9 12 15 27 | 27.0
Conjurations   | 2 7 11 12 13 16 18 19 27 | 27.0
Fire Magic     | 7 11 12 16 18 19 20 22 27 | 27.0
Air Magic      | 6 9 12 15 27 | 27.0
Transmutations | 3 6 |  6.3
Polearms       | 14 | 14.0
Armour         | 19 | 19.9
Necromancy     | 24 | 24.0
Dodging        | 20 | 20.0
Stealth        | |  3.0

Action                     |  1- 3 |  4- 6 |  7- 9 | 10-12 | 13-15 | 16-18 | 19-21 | 22-24 | 25-27 || total
---------------------------+-------+-------+-------+-------+-------+-------+-------+-------+-------++-------
  Melee: Unarmed           |    14 |       |       |       |       |       |       |       |       ||    14
         Rapier            |     2 |    39 |       |       |       |       |       |       |       ||    41
         Quarterstaff      |       |     1 |    75 |   253 |   551 |   178 |    31 |     8 |       ||  1097
         Constrict         |       |       |       |       |   122 |    52 |     8 |     4 |    68 ||   254
         Staff             |       |       |       |       |       |       |       |    11 |   180 ||   191
         Trishula          |       |       |       |       |       |       |       |       |   218 ||   218
   Cast: Sting             |    40 |    58 |    33 |    33 |    11 |       |       |       |       ||   175
         Olgreb's Toxic Ra |       |     2 |    26 |    54 |   108 |    79 |     3 |       |       ||   272
         Mephitic Cloud    |       |       |     4 |    20 |    35 |    10 |     1 |       |       ||    70
         Frozen Ramparts   |       |       |       |    30 |    21 |       |       |       |       ||    51
         Fireball          |       |       |       |       |    22 |     1 |       |       |       ||    23
         Starburst         |       |       |       |       |    65 |    31 |     9 |     2 |    26 ||   133
         Plasma Beam       |       |       |       |       |    43 |   288 |   229 |    51 |   109 ||   720
         Freezing Cloud    |       |       |       |       |     1 |     4 |     8 |       |     1 ||    14
         Ignition          |       |       |       |       |       |    43 |    74 |    10 |    67 ||   194
         Fire Storm        |       |       |       |       |       |       |    60 |   187 |  1037 ||  1284
         Maxwell's Capacit |       |       |       |       |       |       |       |     1 |    90 ||    91
         Chain Lightning   |       |       |       |       |       |       |       |       |  1410 ||  1410
Ability: Spit Poison       |    27 |    35 |    26 |    28 |    35 |    26 |     3 |       |       ||   180
  Evoke: Wand              |       |    10 |     5 |    13 |     3 |     7 |     1 |     3 |     9 ||    51
    Use: Scroll            |       |       |     4 |     6 |    15 |     5 |     5 |     3 |    44 ||    82
         Potion            |       |       |       |     1 |       |     4 |     6 |     1 |    58 ||    70
   Stab: Sleeping          |       |     1 |     1 |     1 |     1 |       |       |       |       ||     4
         Paralysed         |       |       |       |     5 |       |       |       |       |       ||     5
         Confused          |       |       |       |     1 |     9 |     2 |       |       |       ||    12
         Distracted        |       |       |       |       |       |       |       |       |     1 ||     1
 Armour: Robe              |     3 |    20 |     1 |    21 |   354 |   247 |    69 |       |       ||   715
         Leather armour    |       |       |    26 |    73 |       |       |       |    56 |   294 ||   449
         Pearl dragon scal |       |       |       |       |       |       |       |       |  1541 ||  1541
         Skin              |       |       |       |       |       |       |       |       |    11 ||    11
  Dodge: Dodged            |    23 |    59 |    86 |   252 |   556 |   230 |    80 |    49 |   209 ||  1544
  Block: Buckler           |       |       |       |       |       |       |       |       |    97 ||    97
         Reflection        |       |       |       |       |       |       |       |       |    11 ||    11
         Tower shield      |       |       |       |       |       |       |       |       |  1179 ||  1179

Table legend: (Time is in decaauts)
 A = Elapsed time spent in this place.
 B = Non-inter-level travel time spent in this place.
 C = Inter-level travel time spent in this place.
 D = Time resting spent in this place.
 E = Time spent auto-exploring this place.
 F = Levels seen in this place.
 G = Mean time per level.
                   A        B        C        D        E       F      G
               +--------+--------+--------+--------+--------+-----+--------+
         Total | 128170 | 117920 |  10250 |  15633 |  73185 | 146 |  877.9 |
       Dungeon |  21805 |  19255 |   2550 |    356 |  15874 |  15 | 1453.7 |
          Lair |   9900 |   9142 |    758 |    726 |   6560 |   5 | 1980.0 |
        Shoals |   4938 |   4685 |    253 |    767 |   3044 |   4 | 1234.5 |
   Spider Nest |   5709 |   5439 |    270 |    825 |   3754 |   4 | 1427.2 |
    Slime Pits |   3277 |   3157 |    120 |    400 |   2134 |   5 |  655.4 |
  Orcish Mines |   2075 |   1868 |    207 |     12 |   1554 |   2 | 1037.5 |
   Elven Halls |   3991 |   3694 |    297 |    326 |   2679 |   3 | 1330.3 |
        Vaults |  10563 |   9295 |   1268 |    929 |   6888 |   5 | 2112.6 |
         Crypt |   4587 |   4094 |    493 |    437 |   2853 |   3 | 1529.0 |
          Tomb |   6651 |   6033 |    618 |   3221 |   1736 |   3 | 2217.0 |
        Depths |   8721 |   7553 |   1168 |   1727 |   4557 |   4 | 2180.2 |
          Hell |   1421 |   1339 |     82 |    491 |    352 |   1 | 1421.0 |
           Dis |   2117 |   1849 |    268 |    392 |    373 |   7 |  302.4 |
       Gehenna |   1850 |   1653 |    197 |    401 |    310 |   7 |  264.3 |
       Cocytus |   2063 |   1856 |    207 |    241 |    563 |   7 |  294.7 |
      Tartarus |   2517 |   2206 |    311 |    321 |    521 |   7 |  359.6 |
           Zot |   7691 |   6513 |   1178 |    681 |   4563 |   5 | 1538.2 |
         Abyss |   1103 |   1103 |      0 |     12 |    265 |   3 |  367.7 |
   Pandemonium |  18765 |  18765 |      0 |   1928 |  11592 |  27 |  695.0 |
      Ziggurat |   5631 |   5631 |      0 |    998 |   1237 |  27 |  208.6 |
        Bailey |    342 |    342 |      0 |     27 |    172 |   1 |  342.0 |
      Ice Cave |   2442 |   2442 |      0 |    410 |   1594 |   1 | 2442.0 |
               +--------+--------+--------+--------+--------+-----+--------+

Top non-repeatable levels by time:
  Tomb:1: 4087 daAuts
  Lair:5: 3391 daAuts
Vaults:1: 2838 daAuts
Depths:2: 2803 daAuts
Depths:1: 2664 daAuts
  Lair:2: 2562 daAuts
   IceCv: 2442 daAuts
   Zot:5: 2392 daAuts
Vaults:4: 2260 daAuts
Vaults:2: 2108 daAuts
     D:9: 2100 daAuts
Spider:3: 2093 daAuts
    D:14: 2019 daAuts
   Zot:3: 1945 daAuts
 Crypt:3: 1901 daAuts
